 Dungeon Crawl Stone Soup version 0.14-a0-155-gd989017 (webtiles) character file.

1545451 topse123 the Conqueror (level 27, -1/377 (384) HPs)
             Began as a Naga Enchanter on Sept 10, 2013.
             Was the Champion of Cheibriados.
             Slain by a reaper
             ... wielding a +2,+2 vampiric scythe
             ... summoned by an indirect mummy death curse
              (13 damage)
             ... on Level 14 of a ziggurat on Oct 6, 2013.
             The game lasted 1day 12:59:04 (185176 turns).

topse123 the Conqueror (Naga Enchanter)        Turns: 185176, Time: 1, 12:59:05

HP  -1/377 (384) AC 38     Str 38      XL: 27
MP   4/49        EV 11     Int 38      God: Cheibriados [******]
Gold 9566        SH 24     Dex 38      Spells: 19 memorised,  1 level left

Res.Fire  : . . .   See Invis. : +   e - +6,+7 double sword (freeze) (curse)
Res.Cold  : . . .   Warding    : +   I - melded +5 pearl dragon armour
Life Prot.: + + +   Conserve   : .   K - +1 buckler {rN+} (curse)
Res.Poison: +       Res.Corr.  : .   j - +5 helmet of Jegado {Str+3 Dex+4 Curse}
Res.Elec. : +       Clarity    : .   k - +1 cloak {MR+}
Sust.Abil.: + .     Spirit.Shd : .   y - melded +2 pair of gloves "Prangaec" {rF+}
Res.Mut.  : .       Stasis     : .   d - melded +4 naga barding of the Hurricane {Str+3 De Res.Rott. : + Flight : . l - amulet of warding Saprovore : . . . M - cursed ring "Threom Gruo" {SustAb MR++ Dex s - cursed ring "Blitza" {Str+5 Dex+4 Acc+6 Da

@: statue-form, about to teleport, studying Stealth, slowed, very slow,
incredibly resistant to hostile enchantments, incredibly stealthy
A: spit poison, constrict 1, see invisible, deformed body, poison resistance,
(slowness 0)
a: Spit Poison, End Transformation, Bend Time, Temporal Distortion, Slouch, Step
From Time, Renounce Religion
}: 15/15 runes: barnacled, slimy, silver, golden, iron, obsidian, icy, bone,
abyssal, demonic, glowing, magical, fiery, dark, gossamer


You were on level 14 of a ziggurat.
You worshipped Cheibriados.
Cheibriados was exalted by your worship.
You were not hungry.
You were a stone statue.
You visited 18 branches of the dungeon, and saw 106 of its levels.
You visited Pandemonium 7 times, and saw 81 of its levels.
You visited the Abyss 4 times.
You visited 1 bazaar.
You visited 2 Ziggurats, and saw 32 of their levels (deepest: 18).
You also visited: Bailey.

You collected 21089 gold pieces.
You spent 4073 gold pieces at shops.
You used 7470 gold pieces for miscellaneous purposes.

Inventory:

Hand weapons
 a - the +4,+1 dagger of Ecic Awee {venom, rPois rN+ Stlth}
   (You bought it in a shop on level 3 of the Vaults)

   It poisons the flesh of those it strikes.
   It protects you from poison.
   It protects you from negative energy.
   It makes you more stealthy.
 b - a +6,+9 eudemon blade of holy wrath
 e - a cursed +6,+7 double sword of freezing (weapon)
 o - the cursed +12,+8 sling of a Hundred Nights {velocity, rF+ rN+ SInv}
   (You found it in Pandemonium)

   Any stone fired from it inflicts extra damage.
   It protects you from fire.
   It protects you from negative energy.
   It enhances your eyesight.
   It has a curse placed upon it.
Missiles
 p - 50 stones
 J - 15 steel javelins (quivered)
 P - 201 sling bullets
Armour
 d - the +4 naga barding of the Hurricane (melded) {Str+3 Dex+4}
   (You acquired it on level 1 of the Lair of Beasts)

   It affects your strength (+3).
   It affects your dexterity (+4).
 j - the +5 helmet of Jegado (worn) {Str+3 Dex+4 Curse}
   (You found it on level 6 of the Pits of Slime)

   It affects your strength (+3).
   It affects your dexterity (+4).
   It may recurse itself.
 k - a +1 cloak of magic resistance (worn)
 y - the +2 pair of gloves "Prangaec" (melded) {rF+}
   (You found it in Pandemonium)

   It protects you from fire.
 D - a +0 elven large shield of protection
 H - a +2 naga barding of flying
 I - a +5 pearl dragon armour (melded)
 K - a cursed +1 buckler of positive energy (worn)
Magical devices
 i - a wand of heal wounds (3)
 q - a wand of cold (4)
 C - a wand of fire (5)
 G - a wand of teleportation (3)
 O - a wand of teleportation (5)
Comestibles
 f - 19 bread rations
Scrolls
 x - 7 scrolls of identify
 E - 7 scrolls of remove curse
 U - 2 scrolls of enchant weapon II
 W - 4 scrolls of blinking
 Y - a scroll of recharging
Jewellery
 l - an amulet of warding (around neck)
 m - the ring "Doyrch" {Hunger- Int+3 Acc+3 Dam+4}
   (You found it on level 3 of the Tomb of the Ancients)

   [ring of sustenance]

   It affects your intelligence (+3).
   It affects your accuracy (+3).
   It affects your damage-dealing abilities (+4).
 s - the cursed ring "Blitza" (left hand) {Str+5 Dex+4 Acc+6 Dam+6}
   (You found it on level 4 of a ziggurat)

   [ring of slaying]

   It affects your accuracy (+6).
   It affects your damage-dealing abilities (+6).
   It affects your strength (+5).
   It affects your dexterity (+4).
   It has a curse placed upon it.
 v - the ring "Smioggui" {Wiz rF- rC+ Dex+3}
   (You took it off a vault guard on level 1 of the Vaults)

   [ring of wizardry]

   It affects your dexterity (+3).
   It makes you vulnerable to fire.
   It protects you from cold.
 w - the cursed amulet "Ficha" {Cons rC++ Dam-2}
   (You found it on level 6 of the Pits of Slime)

   [amulet of conservation]

   It affects your damage-dealing abilities (-2).
   It greatly protects you from cold.
   It has a curse placed upon it.
 z - the amulet "Vesumutt" {Clar Int+3}
   (You found it on level 5 of the Shoals)

   [amulet of clarity]

   It affects your intelligence (+3).
 M - the cursed ring "Threom Gruo" (right hand) {SustAb MR++ Dex+2}
   (You found it in Pandemonium)

   [ring of sustain abilities]

   It affects your dexterity (+2).
   It affects your resistance to hostile enchantments.
   It has a curse placed upon it.
 N - the amulet of the Five Stars {rMut Hunger MR++}
   (You found it on level 7 of the Iron City of Dis)

   [amulet of resist mutation]

   It affects your resistance to hostile enchantments.
   It speeds your metabolism.
 Q - the ring of Togenuan {rF+ Int+3 Dam+4}
   (You found it on level 6 of the Pits of Slime)

   [ring of protection from fire]

   It affects your intelligence (+3).
   It affects your damage-dealing abilities (+4).
 S - the cursed ring "Xyam" {rPois rC+ rN+ SInv}
   (You found it on level 16 of a ziggurat)

   [ring of see invisible]

   It protects you from cold.
   It protects you from poison.
   It protects you from negative energy.
   It has a curse placed upon it.
 T - an uncursed amulet of resist corrosion
 X - the cursed ring of Gumiaq {rF+ Dex+3 Dam+5}
   (You found it on level 17 of a ziggurat)

   [ring of protection from fire]

   It affects your dexterity (+3).
   It affects your damage-dealing abilities (+5).
   It has a curse placed upon it.
 Z - the ring "Qeeninudgh" {Regen rC+ Dam+4}
   (You found it on level 7 of Tartarus)

   [ring of regeneration]

   It affects your damage-dealing abilities (+4).
   It protects you from cold.
Potions
 t - 4 potions of heal wounds
 u - a potion of resistance
 B - 8 potions of curing
 F - a potion of cure mutation
Books
 L - a manual of Stealth
Magical staves
 A - a cursed staff of energy
Miscellaneous
 n - a stone of tremors
 r - a crystal ball of energy
Rods
 c - a cursed +9 rod of inaccuracy (17/17)
   (You took it off an angel in Pandemonium)
 g - a +4 rod of the swarm (13/13)
   (You found it on level 13 of a ziggurat)
 R - a +9 rod of warding (15/15)
   (You found it on level 5 of the Crypt)
 V - a cursed +2 rod of inaccuracy (12/12)
   (You found it in Pandemonium)


   Skills:
 O Level 27 Fighting
 - Level 8.0 Short Blades
 O Level 27 Long Blades
 - Level 8.5 Slings
 - Level 9.3 Throwing
 - Level 4.6 Armour
 - Level 8.3 Dodging
 + Level 19.6 Stealth
 - Level 16.1 Shields
 O Level 27 Spellcasting
 - Level 8.0 Conjurations
 - Level 11.8 Hexes
 - Level 1.9 Charms
 - Level 11.5 Summonings
 - Level 14.7 Necromancy
 - Level 6.0 Translocations
 - Level 11.4 Transmutations
 + Level 23.3 Air Magic
 O Level 27 Earth Magic
 - Level 13.5 Invocations
 O Level 27 Evocations


You had one spell level left.
You knew the following spells:

 Your Spells              Type           Power        Failure   Level  Hunger
a - Stoneskin             Trmt/Erth      ########..   0%          2    None
b - Blink                 Tloc           N/A          1%          2    None
c - Airstrike             Air            ########..   0%          4    None
d - Summon Butterflies    Summ           #######.     0%          1    None
e - Mass Abjuration       Summ           #######...   1%          6    None
f - Invisibility          Hex            #######.     1%          6    None
g - Phase Shift           Tloc           #######...   1%          5    None
h - Lee's Rapid Deconstr  Erth           ########..   0%          5    None
i - Passwall              Trmt/Erth      ########..   0%          3    None
j - Silence               Hex/Air        ########..   0%          5    None
k - Statue Form           Trmt/Erth      ########..   1%          6    None
l - Repel Missiles        Chrm/Air       #######...   0%          2    None
m - Iron Shot             Conj/Erth      ########..   1%          6    None
n - Regeneration          Chrm/Necr      #######...   1%          3    None
o - Apportation           Tloc           #######...   1%          1    None
p - Portal Projectile     Tloc           ######       1%          2    None
q - Shatter               Erth           ########..   1%          9    None
r - Sublimation of Blood  Necr           ########..   0%          2    None
s - Tornado               Air            ########..   4%          9    None


Dungeon Overview and Level Annotations

Branches:
Dungeon (27/27)            Temple (1/1) D:6             Orc (4/4) D:6
    Elf (3/3) Orc:3          Lair (8/8) D:8          Shoals (5/5) Lair:3
 Spider (5/5) Lair:5        Slime (6/6) Lair:7       Vaults (5/5) D:17
  Blade (1/1) Vaults:4      Crypt (5/5) Vaults:2       Tomb (3/3) Crypt:2
    Dis (7/7) Hell            Geh (7/7) Hell            Coc (7/7) Hell
    Tar (7/7) Hell            Zot (4/5) D:27

Altars:
Ashenzari
Cheibriados
Elyvilon
Fedhas
Kikubaaqudgha
Makhleb
Nemelex Xobeh
Okawaru
Sif Muna
Trog
Vehumet
Xom
Yredelemnul
Zin
Beogh
Jiyva

Shops:
D:22 (   D:27 %[+   Orc:3 +   Orc:4 *!}(   Vaults:3 (   Vaults:5 =

Portals:
Hell: D:21 D:22 D:23 D:24 D:25 D:26 D:27
Abyss: D:21 D:25
Pandemonium: D:22 D:24

Annotations:
D:16 exclusion: oklob plant
Slime:2 exclusion: upstairs
Zot:2 exclusion: downstairs
Zot:3 curse toe here!


Innate Abilities, Weirdness & Mutations

You cannot wear boots.
You can spit poison.
You can use your snake-like lower body to constrict enemies.*
((Your serpentine skin is tough (AC +9).))*
You have supernaturally acute eyesight.
Armour fits poorly on your strangely shaped body.*
Your system is resistant to poisons.*
((You cover ground very slowly.))*


Message History

You feel much better.
This wand has 3 charges left.
You block the sun demon's attack.
The reaper hits you from afar with a runed scythe!
* * * LOW HITPOINT WARNING * * *
The greater mummy hits you but does no damage.
The blue devil tries to attack you, but flinches away.
The orange demon barely misses you.
You block the stone giant zombie's attack.
The red devil barely misses you.
The mummy priest calls on the powers of darkness!
Your body is wracked with pain!
* * * LOW HITPOINT WARNING * * *
You block the sun demon's attack. The greater mummy hits you!
* * * LOW HITPOINT WARNING * * *
You block the blue devil's attack.
The stone giant zombie hits you but does no damage.
The shadow slips into darkness for a moment.
The orange demon barely misses you. The mummy hits you but does no damage.
The reaper hits you from afar with a runed scythe!
You die...

.##....##
..........##
..............##
..............∩.#
M...............##
.......Z4Zn...##
#.....V4WMM.##
M.##.....4434Z##
#.........p4M8##
#.........2M##
#############


You could see a greater mummy, a reaper, a mummy priest, a sun demon, an orange
demon, a phantasmal warrior, 2 iron devils, a blue devil, a vampire (invisible),
a red devil, a rotting devil, a necrophage, a shadow (invisible), 2 mummies, 2
stone giant zombies and a stone giant skeleton.

Vanquished Creatures
  Antaeus (Coc:7)
  Asmodeus (Geh:7)
  Cerebov (Pan)
  the royal jelly (Slime:6)
  Ereshkigal (Tar:7)
  Gloorx Vloq (Pan)
  Mnoleg (Pan)
  Dispater (Dis:7)
  2 orbs of fire (Zot:1)
  Lom Lobon (Pan)
  Khufu (Crypt:3)
  The ghost of bronies4ever the Pyromancer, a great DjFE of Makhleb (Tomb:1)
  8 ancient liches
  The ghost of 4tharraofdagon the Devastator, a great DsFE of Sif Muna (Zig:18)
  The ghost of Gruud the Phalangite, a legendary DjWr of Nemelex Xobeh (Zig:18)
  30 pandemonium lords
  the Serpent of Hell (Tar:7)
  36 greater mummies
  Saint Roka (Shoals:4)
  The ghost of Tolias the Wrestler, a legendary NaSu of Makhleb (Zig:12)
  A seraph (Pan)
  Sojobo (Vaults:5)
  A silver star (Pan)
  Margery (D:23)
  Mara (Shoals:5)
  Mennas (Spider:5)
  Geryon (Hell)
  8 golden dragons
  2 curse toes
  Jory (Shoals:4)
  2 profane servitors
  17 bone dragons
  Xtahua (Vaults:5)
  Frederick (Blade)
  44 Brimstone Fiends
  2 pearl dragons
  35 Hell Sentinels
  7 hellephants
  The ghost of dck the Slayer, a mighty HEWr of Makhleb (Pan)
  24 liches
  13 tentacled monstrosities
  52 Ice Fiends
  3 titans
  A deep elf blademaster (Elf:3)
  Murray (Hell)
  3 quicksilver dragons (Dis:7)
  41 Shadow Fiends
  4 deep elf master archers (Zig:13)
  A kraken (Abyss:3)
  The ghost of 4tharraofdagon the Brawler, a mighty CeMo of Ashenzari (Vaults:2)
  Polyphemus (Shoals:5)
  38 Executioners
  29 acid blobs
  The ghost of 5ubbak the Fetichist, a mighty DjFi of Nemelex Xobeh (Spider:4)
  14 storm dragons
  Rupert (Shoals:1)
  5 eldritch tentacles
  Agnes (Shoals:1)
  16 tengu reavers
  Frances (Spider:5)
  Kirke (Spider:4)
  8 sphinxes
  3 ancient champions
  15 fire giants
  9 shadow dragons
  5 revenants
  Roxanne (D:14)
  2 draconian monks
  40 daevas
  Ilsuiw (Shoals:5)
  11 azure jellies (Slime:6)
  11 ghouls
  6 draconian knights
  16 deep elf sorcerers
  Donald (Spider:5)
  8 iron dragons (Dis:7)
  23 tentacled starspawn
  Wiglaf (D:20)
  Maud (Elf:1)
  5 draconian scorchers
  12 frost giants
  Aizul (D:14)
  Louise (Shoals:1)
  8 draconian zealots
  3 orc warlords (Zig:11)
  2 curse skulls
  23 cacodemons
  Gastronok (Lair:2)
  15 vault wardens
  8 ghost moths
  4 emperor scorpions
  62 stone giants
  57 angels
  Jorgrun (D:17)
  46 balrugs
  7 draconian annihilators
  3 ancient bears (Zig:10)
  3 spriggan defenders (Zig:10)
  7 draconian callers
  8 draconian shifters
  26 ophanim
  97 reapers
  77 starcursed masses
  3 greater nagas
  8 grey draconians
  5 deep elf demonologists
  68 apis (Pan)
  A treant (Zig:10)
  90 shedu (Pan)
  7 green draconians
  14 black draconians
  44 phoenixes (Pan)
  11 mottled draconians
  27 lorocyprocas
  9 deep elf annihilators
  2 dire elephants
  8 purple draconians
  2 elemental wellsprings
  42 green deaths
  26 blizzard demons
  10 yellow draconians
  10 pale draconians
  12 eidola
  11 vampire knights
  10 white draconians
  7 merfolk javelineers
  4 unborn
  9 red draconians
  Snorg (Spider:3)
  11 death oozes
  10 deep elf death magi
  40 mummy priests
  5 merfolk impalers
  2 minotaurs (D:24)
  18 ironheart preservers
  17 ettins
  4 sirens
  10 dragons
  33 vault guards
  3 kraken zombies
  2 deep elf high priests (Elf:3)
  25 jiangshi
  8 merfolk aquamancers
  12 great orbs of eyes
  Fannar (Lair:2)
  61 yaktaur captains
  4 ravenous item mimics
  23 ice dragons
  Harold (D:14)
  28 dancing weapons
  Josephine (D:13)
  A ravenous feature mimic (D:22)
  6 death cobs
  Nessos (D:12)
  3 spectral stone giants
  21 hydras
  A spectral frost giant (Tomb:2)
  An anaconda (Zig:7)
  17 death yaks
  5 alligators
  12 ogre magi
  4 deep dwarf death knights
  9 deep troll shamans
  An alligator (shapeshifter) (Vaults:1)
  15 very ugly things
  3 plague shamblers
  16 deep troll earth magi
  9 vampire magi
  12 wretched stars
  A dryad (shapeshifter) (Vaults:5)
  2 naga warriors
  7 rakshasas
  76 soul eaters
  5 orc high priests
  A fire crab (shapeshifter) (D:26)
  8 thrashing horrors
  35 shadow demons
  12 hell hogs
  20 iron golems
  2 fire crabs
  4 storm dragon zombies
  Erolcha (D:13)
  37 orc knights
  69 sun demons
  45 centaur warriors
  A titan skeleton (Vaults:5)
  35 deep elf knights
  9 wizards
  50 hell knights
  5 catoblepae
  15 iron trolls
  147 skeletal warriors
  2 spatial maelstroms
  63 ice devils
  3 storm dragon skeletons
  2 golden dragon zombies (Crypt:5)
  A ghost moth zombie (Crypt:1)
  20 cherubim (Pan)
  3 death drakes
  31 flayed ghosts
  40 deep trolls
  2 lindwurms (shapeshifter)
  5 unseen horrors
  14 shadow wraiths
  A faun (shapeshifter) (D:26)
  18 sea snakes
  11 shadow dragon zombies
  10 swamp dragons
  164 large abominations
  17 ironbrand convokers
  19 hill giants
  36 harpies
  15 flaming corpses
  9 oklob plants (Zig:12)
  4 crystal golems
  61 hellions
  A deathcap (Zot:4)
  10 shining eyes
  Joseph (D:11)
  A sphinx zombie (Vaults:1)
  A red wasp (shapeshifter) (Vaults:5)
  5 giant orange brains
  28 giant amoebae
  A giant amoeba (shapeshifter) (D:18)
  A wolf spider (shapeshifter) (Vaults:5)
  20 necromancers
  2 wolf spider zombies
  32 deep elf conjurers
  32 iron dragon zombies
  24 orc sorcerers
  A shining eye (shapeshifter) (Vaults:1)
  A spectral dryad (Crypt:4)
  16 stone giant zombies
  16 shadow dragon skeletons
  17 griffons
  5 frost giant zombies
  43 wolf spiders
  4 fire giant zombies
  72 sixfirhies
  2 elephants (shapeshifter)
  A stone golem (Dis:5)
  A moth of wrath (shapeshifter) (D:26)
  2 apocalypse crabs (Abyss:5)
  5 fire giant skeletons
  6 iron dragon skeletons
  9 frost giant skeletons
  32 phantasmal warriors
  A sphinx skeleton (Pan)
  A black mamba (shapeshifter) (Vaults:1)
  2 spiny worms (shapeshifter)
  14 moths of wrath
  11 red wasps
  A guardian serpent (Zig:4)
  10 spiny worms
  9 eyes of devastation
  19 vault sentinels
  25 stone giant skeletons
  177 orange demons
  Maurice (Orc:1)
  60 tormentors
  7 black mambas
  A vapour (Zig:1)
  22 cyclopes
  2 dire elephant skeletons
  A dire elephant zombie (Crypt:2)
  180 smoke demons
  18 spiny frogs
  A sea snake zombie (Crypt:3)
  11 spirit wolves (Zig:10)
  A spiny frog (shapeshifter) (Vaults:3)
  An eye of devastation (shapeshifter) (Vaults:5)
  A satyr skeleton (Crypt:1)
  An emperor scorpion zombie (Crypt:4)
  22 deep elf summoners
  A redback zombie (D:21)
  26 demonic crawlers
  213 hellwings
  2 anaconda simulacra (Coc:5)
  A spectral human (Crypt:5)
  2 white draconian zombies
  24 deep elf priests
  2 spectral deep dwarves
  A naga mage (Zig:7)
  3 iron troll zombies
  14 mermaids
  3 red draconian zombies
  5 ancient zymes
  An alligator snapping turtle skeleton (Coc:5)
  2 fire drakes
  117 yaktaurs
  A human (shapeshifter) (Elf:2)
  An ancient bear skeleton (Crypt:5)
  A pale draconian skeleton (Crypt:3)
  23 efreet
  6 wandering mushrooms
  A yellow draconian skeleton (Crypt:4)
  2 moths of suppression (Zig:12)
  76 red devils
  29 orb spiders
  114 guardian mummies
  51 iron devils
  3 wind drakes (shapeshifter)
  An orb spider (shapeshifter) (Vaults:5)
  A green draconian skeleton (Abyss:1)
  A spriggan (Zig:10)
  2 wind drakes
  A giant firefly (shapeshifter) (Vaults:1)
  2 hydra zombies
  10 komodo dragons
  2 black draconian skeletons
  44 blue devils
  31 death drake zombies
  A polar bear (shapeshifter) (Vaults:3)
  3 fire vortices (Pan)
  10 silent spectres
  9 iron troll skeletons
  Sonja (D:12)
  A spriggan (shapeshifter) (Zig:13)
  19 trolls
  A giant firefly (Zig:10)
  3 moth of wrath zombies
  4 giant leeches
  2 jumping spiders (shapeshifter)
  83 slime creatures
  A queen bee (shapeshifter) (D:18)
  A harpy skeleton (Crypt:1)
  15 blink frogs
  31 death drake skeletons
  15 boulder beetles
  52 jumping spiders
  23 snapping turtles
  A slime creature (shapeshifter) (Vaults:5)
  A stone giant simulacrum (D:18)
  17 two-headed ogres
  4 bog bodies
  A boulder beetle (shapeshifter) (Vaults:3)
  17 brown oozes
  A grizzly bear (shapeshifter) (Vaults:2)
  7 basilisks
  A guardian serpent zombie (Tomb:2)
  A siren skeleton (Crypt:2)
  2 dragon zombies
  A brown ooze (shapeshifter) (D:22)
  71 ice dragon zombies
  4 ettin zombies
  2 elves (shapeshifter)
  A dryad skeleton (Crypt:1)
  167 flying skulls
  A trapdoor spider (shapeshifter) (Zig:9)
  12 sharks
  71 redbacks
  128 ynoxinuls
  13 chaos spawn
  4 guardian serpent skeletons (Abyss:5)
  34 tarantellas
  A wyvern (shapeshifter) (Elf:3)
  78 ice dragon skeletons
  70 shadows
  25 water elementals
  2 frost giant simulacra
  33 trapdoor spiders
  47 deep elf magi
  32 metal gargoyles (Dis:7)
  A hill giant zombie (D:13)
  31 vampire mosquitoes
  9 ettin skeletons
  141 ugly things
  25 hungry ghosts
  2 elephant slugs
  A hog (Spider:4)
  98 yaks
  2 merfolk (shapeshifter) (Vaults:5)
  28 vampires
  A toenail golem (Pan)
  2 spiny worm zombies
  75 merfolk
  6 golden eyes
  35 necrophages
  A steam dragon (Lair:8)
  61 wraiths
  A tarantella (shapeshifter) (Vaults:4)
  3 wyverns
  68 deep elf fighters
  29 hell beasts
  10 molten gargoyles (Geh:7)
  3 rock worms
  11 spatial vortices
  A yellow draconian simulacrum (Abyss:3)
  22 manticores
  A harpy simulacrum (Crypt:1)
  26 hippogriffs
  3 hill giant skeletons
  3 deep troll zombies
  A soldier ant (D:20)
  2 human zombies (Geh:7)
  129 neqoxecs
  2 manticores (shapeshifter)
  A redback simulacrum (Tomb:1)
  3 wolves (Lair:8)
  2 mottled dragons
  12 porcupines
  9 swamp drakes
  5 deep troll skeletons
  A hydra simulacrum (Coc:5)
  94 hell hounds
  74 orc warriors
  12 ice beasts
  A merfolk zombie (Crypt:1)
  5 giant goldfish
  13 phantoms
  A yellow wasp (D:12)
  55 freezing wraiths
  An ettin simulacrum (D:21)
  2 ice dragon simulacra
  7 nagas
  2 black bears
  36 small abominations
  5 sky beasts
  52 centaurs
  4 orc skeletons (Orc:4)
  62 ogres
  15 crocodiles
  5 lava worms
  7 tengu
  27 giant frogs
  A blink frog skeleton (Crypt:4)
  7 lost souls
  19 wargs
  3 boring beetles
  55 rotting devils
  8 big kobolds
  15 giant slugs
  A gnoll sergeant (D:11)
  A hill giant simulacrum (D:13)
  34 water moccasins
  Blork the orc (D:8)
  7 brain worms
  A brain worm (shapeshifter) (Vaults:5)
  A yaktaur zombie (D:12)
  2 deep troll simulacra
  A cyclops zombie (D:14)
  9 insubstantial wisps
  An earth elemental (Abyss:5)
  7 yaktaur skeletons
  2 hell hound zombies (Geh:7)
  10 agate snails
  A glowing shapeshifter simulacrum (Tomb:2)
  A cyclops skeleton (D:13)
  17 eyes of draining
  A troll zombie (D:8)
  A queen bee zombie (Crypt:3)
  A yak zombie (Crypt:1)
  A boulder beetle zombie (D:18)
  6 giant goldfish zombies
  A grizzly bear zombie (Crypt:3)
  A hippogriff skeleton (D:13)
  4 fire bats
  2 yak skeletons
  11 electric eels
  6 goliath beetles
  12 jellyfish
  24 killer bees
  110 wights
  12 lava fish
  21 quasits
  2 troll skeletons (D:15)
  A giant slug simulacrum (D:17)
  A boring beetle zombie (Crypt:5)
  25 jellies
  A pulsating lump (Zig:18)
  13 lava snakes
  A yaktaur simulacrum (D:22)
  25 crimson imps
  2 water moccasin zombies
  A soldier ant zombie (D:14)
  15 hounds
  14 worker ants
  Crazy Yiuf (D:2)
  A basilisk skeleton (D:13)
  37 iron imps
  3 giant frog skeletons
  9 iguanas
  66 orc wizards
  A spider (shapeshifter) (Zig:13)
  A black bear skeleton (Crypt:4)
  10 orange rats
  33 orc priests
  A water moccasin skeleton (D:12)
  8 big fish
  A gnoll shaman (D:6)
  10 scorpions
  A scorpion (shapeshifter) (Vaults:1)
  3 elf zombies (Elf:1)
  2 warg skeletons
  38 spiders
  2 giant goldfish simulacra
  2 big kobold zombies
  A mottled dragon zombie (D:13)
  An ogre zombie (Zig:11)
  38 sheep
  A brain worm zombie (Abyss:5)
  A crocodile skeleton (D:9)
  A killer bee zombie (D:5)
  2 mottled dragon skeletons
  15 boggarts
  A demonspawn skeleton (Crypt:1)
  A crocodile zombie (D:9)
  A gnome skeleton (Crypt:3)
  A necrophage skeleton (Tar:7)
  2 spectral orange rats (Hell)
  Terence (D:2)
  80 mummies
  A worker ant zombie (D:10)
  A naga skeleton (Crypt:4)
  40 adders
  4 orange rat zombies (Hell)
  5 giant centipedes
  3 orange rat skeletons (Hell)
  4 big fish skeletons
  4 big fish zombies
  34 gnolls
  3 humans
  19 lemures
  An inept feature mimic (D:2)
  39 white imps
  5 giant mites
  105 green rats
  34 shadow imps
  A goliath beetle zombie (D:7)
  12 worms
  A big fish simulacrum (Coc:3)
  An orange rat simulacrum (Hell)
  371 ufetubi
  A halfling skeleton (Crypt:1)
  15 giant eyeballs
  9 giant geckos
  9 oozes
  331 orcs
  47 bats
  32 hobgoblins
  19 jackals
  53 kobolds
  4 ball pythons
  A ball python skeleton (Crypt:2)
  9 giant cockroaches
  6 giant newts
  A giant spore (D:10)
  36 goblins
  2 goblin skeletons
  A goblin zombie (D:5)
  A hobgoblin zombie (D:6)
  18 illusory rakshasas
  A jackal skeleton (Crypt:3)
  3 jackal zombies
  2 kobold skeletons
  4 lurking horrors
  10 orc zombies
  16 quokkas
  25 rats
  A ballistomycete (D:10)
  19 butterflies
  4 fungi
  5 plants
  11 starspawn tentacles
  8 tentacles
9719 creatures vanquished.

Vanquished Creatures (collateral kills)
  Norris (Shoals:4)
  A stone giant (Vaults:5)
  The ghost of profreshinal the Basher, a powerful GrSk of Ashenzari (D:16)
  A yaktaur captain (D:26)
  An ice dragon (shapeshifter) (D:24)
  An ogre mage (Vaults:1)
  A naga warrior (Zig:7)
  A centaur warrior (D:15)
  2 soul eaters (Pan)
  2 orange demons (Pan)
  6 yaktaurs
  2 orb spiders (Spider:5)
  A jumping spider (Spider:5)
  A yak (Lair:8)
  A sky beast (D:8)
  2 orc warriors
  A centaur (D:17)
  A giant frog (Lair:1)
  An agate snail (D:24)
  A brain worm (D:17)
  3 water moccasins (Zig:7)
  A manticore zombie (D:13)
  2 wights
  A crimson imp (D:13)
  A goliath beetle (D:8)
  2 orc wizards (Orc:3)
  A worm (D:8)
  6 ufetubi (Pan)
  4 orcs (Orc:1)
50 creatures vanquished.

Vanquished Creatures (others)
  A tentacled monstrosity (Vaults:5)
  2 eldritch tentacles
  A shadow dragon (Vaults:5)
  A draconian caller (Zot:1)
  2 blizzard demons
  A red draconian (Zot:2)
  A deep elf death mage (Zig:17)
  4 vault guards (Vaults:5)
  A yaktaur captain (Vaults:2)
  A hell beast (Pan)
  A skeletal warrior (Coc:7)
  A shadow dragon zombie (Geh:7)
  A hellion (Pan)
  A sixfirhy (Pan)
  A stone giant skeleton (Tomb:1)
  An orange demon (Pan)
  6 fire vortices (Pan)
  A death drake zombie (Geh:7)
  A two-headed ogre (D:17)
  An ice dragon zombie (Geh:6)
  A flying skull (Tar:4)
  7 earth elementals
  2 ice dragon skeletons (Geh:7)
  A ynoxinul (Pan)
  A vampire mosquito (Vaults:2)
  A necrophage (Tar:7)
  A human zombie (Geh:7)
  2 small abominations (Abyss:5)
  2 rotting devils
  4 lost souls
  A hell hound zombie (Geh:7)
  A quasit (Pan)
  A mummy (Tomb:2)
  An orange rat zombie (Hell)
  A tengu simulacrum (Abyss:3)
  2 shadow imps
  A white imp (Zig:8)
  9 ufetubi
  An orc (Orc:4)
  A kobold (D:12)
  110 butterflies
  204 eldritch tentacle segments
  4 fungi
  7 plants
  37 starspawn tentacles
  104 starspawn tentacle segments
  14 tentacles
  170 tentacle segments
721 creatures vanquished.

Grand Total: 10490 creatures vanquished

Notes
Turn   | Place    | Note
--------------------------------------------------------------
     0 | D:1      | topse123, the Naga Enchanter, began the quest for the Orb.
     0 | D:1      | Reached XP level 1. HP: 15/15 MP: 3/3
   293 | D:1      | Reached XP level 2. HP: 20/22 MP: 2/4
   297 | D:1      | Learned a level 2 spell: Sure Blade
   563 | D:1      | Found a snail-covered altar of Cheibriados.
   580 | D:1      | Became a worshipper of Cheibriados the Contemplative
  1106 | D:2      | Reached XP level 3. HP: 28/28 MP: 6/6
  1232 | D:2      | Acquired Cheibriados' first power
  1232 | D:2      | Reached skill level 4 in Hexes
  1242 | D:2      | Learned a level 2 spell: Ensorcelled Hibernation
  1275 | D:2      | Gained mutation: You are robust (+10% HP). [potion of mutation]
  1275 | D:2      | Gained mutation: You are partially covered in rough black scales (AC +4, Dex -1). [potion of mutation]
  1933 | D:2      | Reached XP level 4. HP: 36/39 MP: 4/7
  2080 | D:2      | Noticed Terence
  2170 | D:2      | Edwin: TÖTEN
  2239 | D:2      | topse123: chill ma
  2239 | D:2      | topse123: erstmal will ich confuse
  2239 | D:2      | topse123: lernen
  2239 | D:2      | Edwin: ok
  2239 | D:2      | topse123: also noch 1 lvl ^^
  2259 | D:2      | Edwin: genemigt :D
  2781 | D:3      | topse123: okay
  2781 | D:3      | topse123: das ist ultra
  2781 | D:3      | topse123: im lvl 3 curares :)
  2781 | D:3      | topse123: jetzt is Terence dran :)
  2888 | D:2      | Killed Terence
  2893 | D:2      | Edwin: imba die dinger :D
  2893 | D:2      | topse123: :)
  2893 | D:2      | topse123: jop
  2940 | D:3      | Edwin: yiusuf nicht?
  2940 | D:3      | topse123: du willst doch nur sehn wie ich jetzt verrecke
  2940 | D:3      | topse123: kp
  2940 | D:3      | topse123: der kan nerven
  2940 | D:3      | Edwin: der kann genauso wenig :D
  2943 | D:3      | Edwin: alter
  2945 | D:3      | topse123: lol
  2945 | D:3      | topse123: ja aber nur +1 str xD
  3064 | D:3      | topse123: okay das geht echt ganzschoen ab
  3090 | D:3      | Edwin: einfach druff, was wolln die denn?!
  3095 | D:3      | topse123: nee, die sin nich so cool
  3100 | D:3      | Edwin: naja,,,
  3100 | D:3      | topse123: k, der hatte ne ring mail an, deswegen ^^
  3102 | D:3      | Edwin: ^^
  3102 | D:3      | topse123: hm, der andere auch
  3102 | D:3      | topse123: okay, kp
  3102 | D:3      | Edwin: lol
  3117 | D:3      | Reached skill level 5 in Hexes
  3117 | D:3      | Reached XP level 5. HP: 24/46 MP: 5/9
  3122 | D:3      | Learned a level 3 spell: Confuse
  3306 | D:3      | topse123: was geht denn hier
  3306 | D:3      | topse123: n fire dragon hide xD
  3405 | D:3      | topse123: aber lieber mal vorsichtig bleiben ^^
  3418 | D:3      | Reached skill level 1 in Fighting
  3584 | D:4      | Edwin: bin selbst nochn bissl rumballen :P
  3593 | D:4      | Edwin: stirb nicht ;)
  3623 | D:4      | topse123: jo, hau rein
  3907 | D:4      | Noticed an ogre
  3911 | D:4      | Acquired Cheibriados' second power
  3969 | D:4      | Killed an ogre
  3969 | D:4      | Reached XP level 6. HP: 54/56 MP: 0/11
  4538 | D:2      | Noticed Crazy Yiuf
  4551 | D:2      | Killed Crazy Yiuf
  4736 | D:4      | Reached skill level 1 in Slings
  4915 | D:5      | Entered Level 5 of the Dungeon
  4960 | D:5      | Reached XP level 7. HP: 42/63 MP: 9/13
  5428 | D:5      | Acquired Cheibriados' third power
  5500 | D:5      | Reached skill level 1 in Invocations
  5635 | D:5      | Found a radiant altar of Vehumet.
  5635 | D:5      | Found a bloodstained altar of Trog.
  5637 | D:5      | Found a deep blue altar of Sif Muna.
  5871 | D:5      | Reached skill level 5 in Stealth
  6019 | D:6      | Found a staircase to the Ecumenical Temple.
  6029 | Temple   | Entered the Ecumenical Temple
  6308 | D:6      | Reached XP level 8. HP: 32/73 MP: 1/16
  6411 | D:6      | Found a staircase to the Orcish Mines.
  6569 | D:6      | Reached skill level 5 in Fighting
  6569 | D:6      | Reached skill level 6 in Stealth
  6746 | D:6      | Acquired Cheibriados' fourth power
  6805 | D:6      | Learned a level 4 spell: Enslavement
  7952 | D:7      | Got a heavily jewelled robe
  8000 | D:7      | Identified the +2 robe "Peiziokh" {Dex-2} (You found it on level 7 of the Dungeon)
  8280 | D:7      | Found a basalt altar of Yredelemnul.
  8326 | D:7      | Reached XP level 9. HP: 77/82 MP: 20/20
  8847 | D:7      | Reached skill level 5 in Invocations
  8851 | D:7      | Reached skill level 5 in Spellcasting
  9449 | Orc:1    | Entered Level 1 of the Orcish Mines
  9450 | Orc:1    | Noticed Maurice
  9462 | Orc:1    | Killed Maurice
 10253 | D:7      | Reached skill level 7 in Invocations
 10420 | D:7      | Reached XP level 10. HP: 85/93 MP: 19/22
 10761 | D:8      | Found an iron altar of Okawaru.
 10773 | D:8      | Found a staircase to the Lair.
 10788 | D:8      | Noticed Blork the orc
 10855 | D:8      | Killed Blork the orc
 11037 | D:8      | Reached skill level 8 in Hexes
 11072 | D:8      | Reached skill level 1 in Long Blades
 11181 | D:8      | Noticed a wandering mushroom
 11244 | D:8      | Killed a wandering mushroom
 12188 | D:9      | Reached skill level 9 in Hexes
 12198 | D:9      | Learned a level 6 spell: Invisibility
 12993 | Orc:1    | Reached XP level 11. HP: 90/102 MP: 19/25
 13896 | Orc:3    | Found an iron altar of Okawaru.
 13897 | Orc:3    | Found a staircase to the Elven Halls.
 13982 | Orc:3    | Found Dolicyith's Book Boutique.
 14337 | Orc:1    | Reached skill level 10 in Hexes
 14387 | Orc:1    | topse123: geht also auch ohne meph cloud ;)
 14620 | Orc:3    | Bought a book of Burglary for 750 gold pieces
 14625 | Orc:3    | Learned a level 3 spell: Passwall
 14914 | D:10     | Entered Level 10 of the Dungeon
 15024 | D:10     | Reached skill level 1 in Transmutations
 15031 | D:10     | Paralysed by a giant eyeball for 4 turns
 15281 | D:10     | Reached skill level 1 in Earth Magic
 15342 | D:10     | Found a basalt altar of Yredelemnul.
 15348 | D:10     | Noticed a hill giant
 15374 | D:10     | Killed a hill giant
 15702 | D:10     | Learned a level 2 spell: Blink
 16094 | D:10     | Noticed an unseen horror
 16107 | D:10     | Killed an unseen horror
 16107 | D:10     | Reached skill level 1 in Translocations
 16361 | D:10     | Noticed a hill giant
 16376 | D:10     | Killed a hill giant
 16840 | D:11     | Noticed Joseph
 16863 | D:11     | Killed Joseph
 17321 | D:11     | Noticed a hill giant
 17331 | D:11     | Noticed a hill giant
 17339 | D:11     | a hill giant (ally) was killed
 17339 | D:11     | Reached skill level 11 in Hexes
 17345 | D:11     | Killed a hill giant
 17345 | D:11     | Reached skill level 1 in Shields
 17484 | D:12     | Reached XP level 12. HP: 76/112 MP: 24/27
 17486 | D:12     | Noticed a five-headed hydra
 17724 | D:12     | Noticed Sonja
 17733 | D:12     | Killed a five-headed hydra
 17745 | D:12     | Killed Sonja
 18910 | D:12     | Noticed Nessos
 18959 | D:12     | Killed Nessos
 19138 | D:12     | Reached skill level 1 in Throwing
 19164 | D:12     | Edwin: penis
 19165 | D:12     | topse123: selber
 19165 | D:12     | topse123: und gerockt?
 19168 | D:12     | Edwin: haste nicht bei facebook geguckt? =(
 19169 | D:12     | topse123: nee xD\
 19169 | D:12     | topse123: hehe
 19169 | D:12     | Edwin: =)
 19169 | D:12     | topse123: nice
 19185 | D:12     | Edwin: noch ist nix überstanden :D
 19188 | D:12     | topse123: nja
 19229 | D:12     | topse123: hm, ich geh Mittag machen ^^
 19229 | D:12     | Edwin: jops =)
 19456 | D:13     | Noticed Erolcha
 19547 | D:13     | Found a flagged portal.
 19553 | D:13     | Edwin: lol
 19553 | D:13     | topse123: das is so zum kotzen
 19553 | D:13     | topse123: ich will da rein
 19553 | D:13     | Edwin: :D
 19553 | D:13     | Edwin: ich hatte auch son ding und kam nciht rein weils hinter wasser war und ich nciht fly hatte :D
 19553 | D:13     | topse123: hm
 19553 | D:13     | Edwin: xD
 19572 | Bailey   | Entered a bailey
 19573 | Bailey   | Edwin: alter
 19573 | Bailey   | Edwin: ...
 19573 | Bailey   | topse123: ?
 19573 | Bailey   | Edwin: krass
 19573 | Bailey   | topse123: enslave is geil
 19573 | Bailey   | Edwin: du hättst auch tot sein können :D
 19573 | Bailey   | Edwin: ja
 19573 | Bailey   | topse123: quark
 19573 | Bailey   | topse123: ja schon :P
 19573 | Bailey   | Edwin: los jetz hier
 19573 | Bailey   | topse123: naja, noch n bissl slouch
 19573 | Bailey   | Edwin: habsch noch nie gesehn
 19573 | Bailey   | topse123: das letzte mal warn mega geiler Ring hier drin
 19573 | Bailey   | Edwin: gogo
 19573 | Bailey   | Edwin: muss in 15 mins weg
 19573 | Bailey   | topse123: chilln
 19573 | Bailey   | topse123: :P
 20069 | Bailey   | topse123: hm, ich glaub das hat sich nicht gelohnt ...
 20086 | Bailey   | Edwin: lol
 20089 | Bailey   | Edwin: bitter
 20096 | Bailey   | topse123: jop ...
 20096 | Bailey   | topse123: shit happens
 20096 | Bailey   | Edwin: ^^
 20150 | Bailey   | topse123: also den potion of magic hab ich wieder drin ^^
 20210 | D:13     | Got a jewelled long sword
 20211 | D:13     | Identified the cursed long sword of Punishment {slice, rF- rC++ Str+2} (You took it off a wight on level 13 of the Dungeon)
 20212 | D:13     | topse123: top :)
 20274 | D:13     | Edwin: hab nicht geguckt
 20279 | D:13     | Edwin: war war denn "top"?
 20279 | D:13     | topse123: egal
 20279 | D:13     | topse123: halb gutes longsword
 20279 | D:13     | Edwin: ahh =)
 20304 | D:13     | Edwin: sind die doof?! :D
 20309 | D:13     | Edwin: geil :D
 20317 | D:13     | Edwin: uhhh
 20341 | D:13     | topse123: hm?
 20391 | D:13     | Edwin: nee wie du die abgeworfen hast und die hams nciht gerafft :D
 20392 | D:13     | Edwin: fandsch gut :D
 20392 | D:13     | topse123: lol
 20392 | D:13     | topse123: war inv ^^
 20393 | D:13     | Edwin: ja trotzdem
 20399 | D:13     | Edwin: so doof kann och nur son wollknäul sein :D
 20400 | D:13     | topse123: haha
 20402 | D:13     | Edwin: bin raus ne
 20402 | D:13     | Edwin: hau rein
 20402 | D:13     | topse123: machs gut
 20702 | D:13     | Learned a level 5 spell: Lee's Rapid Deconstruction
 20946 | Lair:1   | Entered Level 1 of the Lair of Beasts
 20983 | Lair:1   | Paralysed by you for 2 turns
 21068 | Lair:1   | Found a bloodstained altar of Trog.
 21500 | Lair:1   | Got a steaming longbow
 21712 | Lair:1   | Reached XP level 13. HP: 77/119 MP: 14/29
 22545 | Lair:2   | Noticed Fannar
 22557 | Lair:2   | Killed Fannar
 22627 | Lair:2   | Noticed Gastronok
 23532 | Lair:3   | Found a staircase to the Shoals.
 24133 | Lair:3   | Reached skill level 5 in Earth Magic
 24565 | Lair:4   | Reached skill level 10 in Stealth
 24691 | Lair:4   | Reached skill level 5 in Long Blades
 25604 | Lair:5   | Found a hole to the Spider Nest.
 26327 | Lair:6   | Reached skill level 10 in Spellcasting
 26327 | Lair:6   | Reached XP level 14. HP: 133/133 MP: 31/31
 27799 | Lair:7   | Found a viscous altar of Jiyva.
 27806 | Lair:7   | Found a staircase to the Slime Pits.
 27819 | Lair:7   | Identified a scroll of acquirement
 28096 | Lair:7   | Reached skill level 10 in Fighting
 28388 | Lair:8   | Entered Level 8 of the Lair of Beasts
 28641 | Lair:8   | Reached skill level 12 in Stealth
 29529 | Lair:8   | Reached skill level 1 in Armour
 30338 | Orc:4    | Entered Level 4 of the Orcish Mines
 31316 | Orc:4    | Found Jeacuizo's Gadget Boutique.
 31316 | Orc:4    | Found Jatamaew's Weapon Emporium.
 31595 | Orc:4    | Found Cagucino's Assorted Antiques.
 31595 | Orc:4    | Found Brun At Wyr's Distillery.
 31601 | Orc:4    | Bought a scroll labeled UMUYXTAOMA for 28 gold pieces
 31631 | Orc:4    | Found a roughly hewn altar of Beogh.
 31657 | Orc:4    | Bought a bronze wand for 560 gold pieces
 32033 | Elf:1    | Entered Level 1 of the Elven Halls
 32104 | Temple   | Edwin: huhu yurirus =)
 32105 | Temple   | topse123: :P
 32105 | Temple   | Edwin: stirb mal edlich :P
 32288 | Temple   | topse123: alter
 32288 | Temple   | topse123: das wollt ich nicht xD
 32288 | Temple   | Edwin: "alte"!!!!
 32288 | Temple   | topse123: son doofie, naja
 32288 | Temple   | topse123: nee, hab grad die orcs ausgeraeuchert
 32288 | Temple   | Edwin: achso ....
 32288 | Temple   | topse123: ...
 32288 | Temple   | topse123: und du gehst jetzt in die Hoelle?
 32288 | Temple   | Edwin: ne ich (anne) geh jetzt gw2 soielen :D
 32288 | Temple   | topse123: oh
 32288 | Temple   | topse123: lol
 32288 | Temple   | Edwin: und du stirbst bitte :D
 32288 | Temple   | topse123: jetzt check ichs
 32288 | Temple   | topse123: xD
 32288 | Temple   | topse123: alles klar :P
 32301 | Temple   | Edwin: hat ja lang genug gedauert
 32302 | Temple   | Edwin: bis bald =)
 32302 | Temple   | topse123: hf
 32303 | Temple   | Edwin: u2
 33123 | D:13     | Noticed Josephine
 33126 | D:13     | Killed Josephine
 33126 | D:13     | Reached XP level 15. HP: 143/143 MP: 4/32
 33313 | D:13     | Killed Erolcha
 33313 | D:13     | Reached skill level 13 in Stealth
 33583 | D:14     | Entered Level 14 of the Dungeon
 33996 | D:14     | Reached skill level 5 in Slings
 34122 | D:14     | Noticed Harold
 34132 | D:14     | Killed Harold
 34137 | D:14     | Noticed Aizul
 34151 | D:14     | Killed Aizul
 34367 | D:14     | Learned a level 5 spell: Phase Shift
 34393 | D:14     | Noticed Roxanne
 34395 | D:14     | Killed Roxanne
 34546 | D:15     | Entered Level 15 of the Dungeon
 35219 | D:15     | Reached skill level 5 in Translocations
 36673 | Spider:1 | Entered Level 1 of the Spider Nest
 36959 | Lair:8   | Reached skill level 14 in Stealth
 37558 | Lair:8   | Learned a level 5 spell: Silence
 37639 | Lair:8   | Reached XP level 16. HP: 152/155 MP: 34/34
 38748 | Spider:1 | Reached skill level 1 in Air Magic
 39536 | Spider:2 | Got a warped war axe
 39537 | Spider:2 | Identified the war axe of the Head {flame, -Cast rPois MR+} (You found it on level 2 of the Spider Nest)
 40460 | Spider:3 | Noticed Snorg
 40531 | Spider:3 | Killed Snorg
 42851 | Spider:4 | Noticed 5ubbak's ghost (mighty DjFi)
 43484 | Lair:2   | Killed Gastronok
 43484 | Lair:2   | Reached skill level 15 in Stealth
 43580 | Shoals:1 | Entered Level 1 of the Shoals
 43637 | Shoals:1 | Noticed Rupert
 43647 | Shoals:1 | Killed Rupert
 43660 | Shoals:1 | Reached skill level 5 in Transmutations
 43745 | Shoals:1 | Noticed Louise
 43761 | Shoals:1 | Killed Louise
 44251 | Shoals:1 | Noticed Agnes
 44347 | Shoals:1 | Reached XP level 17. HP: 112/167 MP: 35/35
 44978 | Shoals:1 | Killed Agnes
 47242 | Shoals:4 | Noticed Saint Roka
 47257 | Shoals:4 | Killed Saint Roka
 47598 | Shoals:4 | Reached skill level 5 in Dodging
 47629 | Shoals:4 | Noticed Norris
 48391 | D:16     | Noticed profreshinal's ghost (powerful GrSk)
 48402 | D:16     | Killed profreshinal's ghost
 49464 | Lair:1   | Learned a level 6 spell: Statue Form
 50043 | Elf:1    | Reached XP level 18. HP: 148/181 MP: 22/36
 50115 | Elf:1    | Noticed Maud
 50137 | Elf:1    | Killed Maud
 53673 | D:16     | Learned a level 2 spell: Stoneskin
 53689 | D:17     | Noticed Jorgrun
 53701 | D:17     | Killed Jorgrun
 53818 | D:17     | Found a staircase to the Vaults.
 53864 | D:17     | Reached skill level 15 in Fighting
 55765 | Spider:4 | Killed 5ubbak's ghost
 55827 | Spider:4 | Reached skill level 10 in Transmutations
 55983 | Spider:4 | Noticed Kirke
 55994 | Spider:4 | Killed Kirke
 56818 | Spider:5 | Entered Level 5 of the Spider Nest
 57505 | Spider:5 | Noticed Donald
 57674 | Spider:5 | Killed Donald
 57674 | Spider:5 | Reached XP level 19. HP: 169/194 MP: 27/38
 58884 | Shoals:4 | Killed Norris
 58979 | Shoals:4 | Reached skill level 5 in Shields
 59798 | Shoals:5 | Entered Level 5 of the Shoals
 59862 | Shoals:5 | Noticed Ilsuiw
 59871 | Shoals:5 | Noticed Polyphemus
 59874 | Shoals:5 | Killed Ilsuiw
 60314 | Vaults:1 | Entered Level 1 of the Vaults
 60522 | D:18     | Found a white marble altar of Elyvilon.
 62482 | D:20     | Entered Level 20 of the Dungeon
 63163 | D:20     | Noticed Wiglaf
 63176 | D:20     | Killed Wiglaf
 63866 | D:21     | Edwina: is natürlich klasse wenn man 2,8 turns pro schritt braucht -.-
 63886 | D:21     | topse123: ja
 63886 | D:21     | topse123: udn dann die bloede magic mapping vergessen
 63886 | D:21     | topse123: :(
 63886 | D:21     | Edwina: ...
 63941 | D:21     | topse123: da das wars wohl ...
 63992 | D:21     | Edwina: unique^^
 64015 | D:21     | Edwina: binr aus
 64015 | D:21     | topse123: ?
 64015 | D:21     | topse123: unique?
 64035 | D:21     | Edwina: unique bei den hell knight meist
 64043 | D:21     | topse123: ah
 64043 | D:21     | topse123: jop
 64052 | D:21     | Found a flickering gateway to a bazaar.
 64058 | Bazaar   | Entered a bazaar
 64059 | Bazaar   | topse123: alter
 64069 | Bazaar   | Found Klatucku's Magical Wand Shop.
 64096 | Bazaar   | Found Orit's Book Shop.
 64101 | Bazaar   | topse123: 2x manual of crossbows xD
 64109 | Bazaar   | Found Daqutina's Distillery.
 64109 | Bazaar   | Found Pumirgh's Weapon Shop.
 64115 | Bazaar   | Bought a potion of porridge for 11 gold pieces
 64115 | Bazaar   | Bought a potion of porridge for 11 gold pieces
 64122 | Bazaar   | topse123: na das hat sich ja gelohnt xD
 64145 | Bazaar   | Edwina: :D
 64145 | Bazaar   | Bought a book of War Chants for 560 gold pieces
 64160 | Bazaar   | Bought a wand of fire (8) for 336 gold pieces
 64399 | D:21     | Reached XP level 20. HP: 205/205 MP: 39/39
 64411 | D:21     | Found a one-way gate to the infinite horrors of the Abyss.
 64431 | D:21     | Found a gateway to Hell.
 65886 | Lair:1   | Learned a level 2 spell: Repel Missiles
 65913 | Lair:1   | Got a shimmering naga barding
 65923 | Lair:1   | Identified the +4 naga barding of the Hurricane {Str+3 Dex+4} (You acquired it on level 1 of the Lair of Beasts)
 66210 | Elf:3    | Entered Level 3 of the Elven Halls
 66603 | Elf:3    | Reached skill level 15 in Spellcasting
 67740 | Elf:3    | Reached skill level 16 in Spellcasting
 68051 | Elf:3    | Learned a level 6 spell: Iron Shot
 68282 | Elf:3    | Identified the Volume of Cloudy Arcane Weapons
 68880 | Elf:3    | Reached skill level 1 in Conjurations
 69540 | Shoals:5 | Noticed Jory
 69769 | Shoals:4 | Killed Jory
 69979 | Shoals:5 | Killed Polyphemus
 70237 | Shoals:5 | Got a wavering silver amulet
 70518 | Shoals:5 | Got a barnacled rune of Zot
 70526 | Shoals:5 | Noticed Mara
 70529 | Shoals:5 | Noticed Mara
 70529 | Shoals:5 | Noticed Mara
 70978 | Spider:5 | Reached XP level 21. HP: 146/214 MP: 35/41
 71272 | Spider:5 | Noticed Frances
 71288 | Spider:5 | Killed Frances
 71294 | Spider:5 | Reached skill level 5 in Conjurations
 71719 | Spider:5 | Reached skill level 17 in Spellcasting
 71741 | Spider:5 | Got a gossamer rune of Zot
 71758 | Spider:5 | Noticed Mennas
 72096 | Lair:1   | Learned a level 3 spell: Regeneration
 72100 | Lair:1   | Identified the amulet "Vesumutt" {Clar Int+3} (You found it on level 5 of the Shoals)
 73647 | Vaults:1 | Got a twitching tin ring
 73677 | Vaults:1 | Identified the ring "Smioggui" {Wiz rF- rC+ Dex+3} (You took it off a vault guard on level 1 of the Vaults)
 74826 | Vaults:2 | Paralysed by a great orb of eyes for 5 turns
 74985 | Vaults:2 | Reached skill level 1 in Charms
 75171 | Vaults:2 | Reached skill level 1 in Necromancy
 75524 | Vaults:2 | Found a staircase to the Crypt.
 75524 | Vaults:2 | Found a basalt altar of Yredelemnul.
 75525 | Vaults:2 | Found an ancient bone altar of Kikubaaqudgha.
 75743 | Vaults:2 | Reached skill level 10 in Earth Magic
 75799 | Vaults:2 | Reached skill level 10 in Long Blades
 75903 | Vaults:2 | Noticed 4tharraofdagon's ghost (mighty CeMo)
 75970 | Vaults:2 | Killed 4tharraofdagon's ghost
 75970 | Vaults:2 | Reached XP level 22. HP: 215/226 MP: 42/42
 77132 | Vaults:1 | Upgraded the game from 0.13-a0-3016-gcb2faac to 0.13-a0-3060-g5a62039
 77508 | D:22     | Found a one-way gate leading to the halls of Pandemonium.
 78197 | D:22     | Found Bostez's Antique Weapon Shoppe.
 78200 | D:22     | Edwina: IS DAS ZU FASSEN!!?!??!?!?!
 78200 | D:22     | Edwina: da findet man im D:9 oder so tatsächlich den staff of wukad mu
 78200 | D:22     | Edwina: und dann ist man djinn und kann es nicht evoken -.-
 78200 | D:22     | Edwina: unglaublich
 78200 | D:22     | Edwina: könnte ich das nicht gehabt haben als ich mummy war
 78200 | D:22     | topse123: lol
 78200 | D:22     | topse123: aergerlich
 78200 | D:22     | topse123: hab grad auchne krasse axt gefunden
 78200 | D:22     | Edwina: aber +9 +9
 78200 | D:22     | topse123: lol
 78200 | D:22     | Edwina: sicher ganz gut trotzdem oder?^^
 78200 | D:22     | Edwina: was für ne axt?
 78200 | D:22     | topse123: hm, weiss nicht, wenn du mit staeben kaempfst?
 78200 | D:22     | topse123: macht irgendwie komische sachen
 78200 | D:22     | topse123: also beschwoert demonen beim schlagen
 78200 | D:22     | topse123: und mesmerized mich aufs Ziel
 78200 | D:22     | Edwina: was is dran komisch?
 78200 | D:22     | Edwina: oha
 78200 | D:22     | topse123: irgend son fixed art
 78200 | D:22     | topse123: jetzt weiss ich nicht ob ich auf aexte gehn soll xD
 78200 | D:22     | topse123: aber glaub nich
 78213 | D:22     | Edwina: nee
 78571 | D:22     | topse123: hm
 78571 | D:22     | Edwina: wasn verrückts level :D
 78571 | D:22     | topse123: aber bist schon im D9
 78571 | D:22     | topse123: zeig mal
 78571 | D:22     | topse123: ja, nur tueren
 78571 | D:22     | Edwina: gibt nix, aber k :D
 78571 | D:22     | topse123: aber kaum jemand da ...
 78949 | D:23     | Noticed Margery
 78966 | D:23     | Killed Margery
 79430 | D:23     | Reached skill level 5 in Necromancy
 80616 | D:24     | Got an ancient buckler
 80627 | D:24     | Identified the +0 buckler of Ruoniyby {+Inv +Fly} (You found it on level 24 of the Dungeon)
 81502 | D:24     | Reached XP level 23. HP: 158/239 MP: 42/42
 82568 | Lair:1   | Learned a level 1 spell: Apportation
 82569 | Lair:1   | YOLOSWAG: Slowride, take it easy
 82569 | Lair:1   | topse123: :D
 82626 | Lair:2   | YOLOSWAG: how many runes do you have?
 82626 | Lair:2   | topse123: 2
 82629 | Lair:2   | YOLOSWAG: going for a 3 runer?
 82629 | Lair:2   | topse123: nope
 82629 | Lair:2   | topse123: want to explore a bit more
 83108 | Spider:5 | Killed Mennas
 83113 | Spider:5 | YOLOSWAG: nice one
 83140 | Spider:5 | topse123: jop :)
 83191 | Spider:5 | topse123: now there is Mara left in Shaols 5 ...
 83246 | Spider:5 | YOLOSWAG: could be tough
 83246 | Spider:5 | topse123: jup ...
 83246 | Spider:5 | topse123: I guess I'll leave him for later
 83246 | Spider:5 | topse123: I mean, I can always slouch 4-5 times and it should be done
 83246 | Spider:5 | topse123: but I might need the piety
 84223 | Vaults:3 | Found Shrezusku's Weapon Emporium.
 84233 | Vaults:3 | Bought the +4,+1 dagger of Ecic Awee {venom, rPois rN+ Stlth} for 481 gold pieces
 85440 | Vaults:4 | Found a staircase to the Hall of Blades.
 85446 | Blade    | Entered the Hall of Blades
 85446 | Blade    | Noticed Frederick
 85538 | Blade    | Killed Frederick
 86493 | Vaults:4 | Got a sparkling emerald amulet
 86494 | Vaults:4 | Identified the amulet "Milam" {Ward rF-} (You found it on level 4 of the Vaults)
 86777 | Vaults:4 | Reached skill level 5 in Short Blades
 87197 | Vaults:5 | Entered Level 5 of the Vaults
 87506 | Vaults:5 | Reached XP level 24. HP: 254/254 MP: 28/43
 87781 | Vaults:5 | Noticed Sojobo
 87795 | Vaults:5 | Killed Sojobo
 87954 | Vaults:5 | Noticed an ancient lich
 87956 | Vaults:5 | Killed an ancient lich
 87956 | Vaults:5 | Reached skill level 18 in Fighting
 88193 | Vaults:4 | Upgraded the game from 0.13-a0-3060-g5a62039 to 0.13-a0-3073-ga7cf4ae
 89036 | Crypt:1  | Entered Level 1 of the Crypt
 90493 | Crypt:2  | Found a staircase to the Tomb.
 91383 | Crypt:3  | Reached XP level 25. HP: 263/263 MP: 31/44
 91424 | Crypt:3  | Noticed a greater mummy
 91817 | Vaults:5 | Noticed Xtahua
 91966 | Vaults:5 | Killed Xtahua
 92303 | Vaults:5 | Found Brapun's Jewellery Boutique.
 93023 | Vaults:5 | Identified a +2 rod of demonology (4/10) (You took it off a vault sentinel on level 5 of the Vaults)
 93209 | Vaults:5 | Reached skill level 1 in Evocations
 94046 | Vaults:5 | Reached skill level 19 in Fighting
 94194 | Vaults:5 | Reached skill level 5 in Evocations
 94319 | Vaults:5 | Got a silver rune of Zot
 94686 | Vaults:5 | Reached skill level 15 in Earth Magic
 95320 | Vaults:5 | Upgraded the game from 0.13-a0-3073-ga7cf4ae to 0.13-a0-3076-g221303f
 96080 | Shoals:5 | Killed Mara
 96290 | Shoals:5 | Reached XP level 26. HP: 262/280 MP: 45/45
 97503 | D:19     | Got a transparent leather armour
 97518 | D:19     | Identified the cursed +3 leather armour "Steqequl" {Acc+6 Dam+4} (You found it on level 19 of the Dungeon)
 97720 | D:25     | Entered Level 25 of the Dungeon
 98236 | D:25     | Got a slimy sling
 98237 | D:25     | Identified the cursed sling "Ukhesutua" {frost, Contam MR++ Int+1 Curse} (You took it off an orc warrior on level 25 of the Dungeon)
 99303 | Lair:1   | Learned a level 2 spell: Portal Projectile
 99314 | Lair:1   | Edwina: und wo gehts jetz hin?! =)
 99314 | Lair:1   | topse123: ja, keine Ahnung
 99314 | Lair:1   | Edwina: zigurat!!
 99314 | Lair:1   | topse123: hab parktisch keine resistenzes ...
 99314 | Lair:1   | Edwina: oh
 99314 | Lair:1   | topse123: koennte in die Slimes schaun
 99314 | Lair:1   | Edwina: da is chillig
 99314 | Lair:1   | topse123: D26 und 27 sind noch offen
 99314 | Lair:1   | Edwina: zumindest wars das bei mir :D
 99314 | Lair:1   | topse123: und die Crypt
 99314 | Lair:1   | Edwina: die stinkt
 99314 | Lair:1   | topse123: hm, bei mir das letzte mal nicht ...
 99314 | Lair:1   | topse123: lol, naja, hab schon die ersten beiden lv gecleared
 99314 | Lair:1   | topse123: aber wurde hart ohne rN ...
 99314 | Lair:1   | Edwina: hmn mir konnte da keiner was... am schlimmsten sind die kleinen grünen, weil diehart reinhaun und viel aushalten...
 99314 | Lair:1   | topse123: na dann schau ich mal zun slimes
 99314 | Lair:1   | Edwina: :D
 99370 | D:10     | topse123: :D
 99370 | D:10     | Edwina: lol
 99370 | D:10     | topse123: wollte den essen
 99370 | D:10     | topse123: grgrgrg
 99370 | D:10     | Edwina: kla
 99513 | Vaults:1 | Edwina: wo gehste hin?!
 99514 | Vaults:1 | topse123: mir n anderes schild holn
 99514 | Vaults:1 | Edwina: ah
 99514 | Vaults:1 | topse123: will meins nicht veraetzen lassen ...
100073 | Shoals:1 | Edwina: aber
100073 | Shoals:1 | Edwina: das neue wasser ist hübsch!
100073 | Shoals:1 | topse123: jop
100073 | Shoals:1 | topse123: das sieht geil aus
100073 | Shoals:1 | Edwina: jop
100161 | Lair:1   | topse123: man kann die shoals ertragen ^^
100387 | Orc:3    | Edwina: ?
100387 | Orc:3    | topse123: summon butterflies
100387 | Orc:3    | topse123: gegen shining eyes
100387 | Orc:3    | Edwina: oha
100387 | Orc:3    | Edwina: amulett anziehn ud gut is
100387 | Orc:3    | topse123: deren mutations zeug
100387 | Orc:3    | topse123: 90 % nur :P
100387 | Orc:3    | Edwina: lol
100387 | Orc:3    | topse123: und ich hab geile muts ...
100387 | Orc:3    | Edwina: zeigen
100387 | Orc:3    | topse123: noch die vom Anfang
100387 | Orc:3    | topse123: aber trotzdem
100387 | Orc:3    | Edwina: ahh jo
100387 | Orc:3    | topse123: muss ich nciht verlieren :P
100387 | Orc:3    | Edwina: schon gut
100387 | Orc:3    | Edwina: 10%hp^^
100387 | Orc:3    | Edwina: alter 280 hp :D:D
100387 | Orc:3    | topse123: jop
100387 | Orc:3    | topse123: lol
100387 | Orc:3    | topse123: jop
100387 | Orc:3    | Bought the Volume of Summoning for 816 gold pieces
100390 | Orc:3    | Learned a level 1 spell: Summon Butterflies
100790 | Lair:5   | Edwina: amulett?
100791 | Lair:5   | Edwina: gehen coor?
100797 | Lair:5   | topse123: oh stimmt
100797 | Lair:5   | Edwina: :D
100798 | Lair:5   | Edwina: alter :D
100924 | Lair:1   | Edwina: das wär n spaß geworden
100924 | Lair:1   | topse123: lol
101245 | Slime:1  | Entered Level 1 of the Pits of Slime
101283 | Slime:1  | Edwina: läuft =)
101283 | Slime:1  | topse123: hm
101284 | Slime:1  | Edwina: :D
101284 | Slime:1  | topse123: da
101285 | Slime:1  | Edwina: nicht rennen
101285 | Slime:1  | Edwina: 1. zug amulatt
101285 | Slime:1  | topse123: jo ...
101285 | Slime:1  | topse123: oh stimmt
101285 | Slime:1  | topse123: glatt vergessen
101285 | Slime:1  | topse123: man xd
101285 | Slime:1  | Edwina: :D
101285 | Slime:1  | topse123: bin nicht konz
101289 | Slime:1  | topse123: wie geht portal?
101289 | Slime:1  | topse123: mom
101289 | Slime:1  | Edwina: hö?
101289 | Slime:1  | Edwina: nicht einfach nen schritt weggehn bis das vieh neben ner wand steht und gut ist?
101289 | Slime:1  | Edwina: ...
101289 | Slime:1  | topse123: sorry
101546 | Slime:2  | Gained mutation: You are weak. (Str -2) [a shining eye]
101547 | Slime:2  | Gained mutation: You have a fast metabolism. [a shining eye]
101635 | Slime:3  | Reached skill level 10 in Evocations
101657 | Slime:3  | Paralysed by a giant eyeball for 4 turns
101865 | Slime:4  | Edwina: bin raus, anne kommt )
101868 | Slime:4  | Edwina: ;)
101868 | Slime:4  | Edwina: cu
101868 | Slime:4  | Edwina: gl
101868 | Slime:4  | topse123: hau rein
102206 | Slime:6  | Entered Level 6 of the Pits of Slime
102513 | Slime:6  | Found a viscous altar of Jiyva.
102521 | Slime:6  | Noticed the royal jelly
102523 | Slime:6  | JacquesDerrida: you could've enslaved eyem paralysed jelly and stabbed it
102524 | Slime:6  | JacquesDerrida: eye,
102524 | Slime:6  | JacquesDerrida: good strategy
102524 | Slime:6  | topse123: hm
102524 | Slime:6  | topse123: nice idea ...
102530 | Slime:6  | topse123: hm
102530 | Slime:6  | JacquesDerrida: yeah i used it once and it was super easy
102530 | Slime:6  | topse123: slouch didn't do a really great job ...
102530 | Slime:6  | JacquesDerrida: but blobs still spawn even after 1-hit kill
102530 | Slime:6  | topse123: sure ...
102532 | Slime:6  | topse123: hm
102532 | Slime:6  | topse123: don't know what to do ...
102532 | Slime:6  | topse123: this acid will kill me
102860 | Lair:3   | JacquesDerrida: chei is a killer god later on
102860 | Lair:3   | JacquesDerrida: when haste becomes essential spell
102938 | Shoals:3 | topse123: yeah, I can feel that ..
103318 | Lair:1   | Gained mutation: Your body is slowly deteriorating. [potion of mutation]
103318 | Lair:1   | Gained mutation: Your mind is acute. (Int +2) [potion of mutation]
103318 | Lair:1   | Gained mutation: Your digestive system is specialised to digest meat. [potion of mutation]
103319 | Lair:1   | Lost mutation: You have a fast metabolism. [potion of cure mutation]
103319 | Lair:1   | Lost mutation: Your body is slowly deteriorating. [potion of cure mutation]
103319 | Lair:1   | Lost mutation: You are robust (+10% HP). [potion of cure mutation]
103319 | Lair:1   | Lost mutation: Your mind is acute. (Int +2) [potion of cure mutation]
103320 | Lair:1   | Lost mutation: Your digestive system is specialised to digest meat. [potion of cure mutation]
103320 | Lair:1   | Lost mutation: You are weak. (Str -2) [potion of cure mutation]
103321 | Lair:1   | topse123: cya ^^
104184 | Crypt:3  | Noticed a greater mummy
105529 | Crypt:5  | Entered Level 5 of the Crypt
105639 | Crypt:5  | Reached XP level 27. HP: 267/267 MP: 45/45
105790 | Crypt:5  | Reached skill level 20 in Fighting
106351 | Crypt:5  | Found an ancient bone altar of Kikubaaqudgha.
106351 | Crypt:5  | Noticed an ancient lich
106478 | Crypt:5  | Killed an ancient lich
106545 | Crypt:5  | Identified a +9 rod of warding (13/13) (You found it on level 5 of the Crypt)
106550 | Crypt:5  | Got a faintly glowing hand axe
106551 | Crypt:5  | Identified the hand axe of Defence by Offence {elec, rElec rF- MR++} (You found it on level 5 of the Crypt)
107360 | Vaults:2 | YOLOSWAG: This your stash?
107360 | Vaults:2 | topse123: nope
107360 | Vaults:2 | YOLOSWAG: nice barding
107360 | Vaults:2 | topse123: hm jup, an aquirement ^^
107827 | D:26     | Reached skill level 15 in Long Blades
107831 | D:26     | YOLOSWAG: 1 shotting iron trolls
107831 | D:26     | YOLOSWAG: 2strong
107831 | D:26     | topse123: ?
107831 | D:26     | topse123: lol
107831 | D:26     | YOLOSWAG: with a dagger!
107831 | D:26     | topse123: yes, stabbing is imba ^^
107843 | D:26     | YOLOSWAG: you lvl up stealth?
107857 | D:26     | topse123: +5 ^^
107857 | D:26     | YOLOSWAG: cool
108052 | D:26     | YOLOSWAG: got any runes ?
108053 | D:26     | topse123: the 3 standart ones
108053 | D:26     | topse123: shaols, spider and vaults
108087 | D:26     | YOLOSWAG: 3 rune run, or 15?
108090 | D:26     | topse123: 15 ^^
108101 | D:26     | Edwina: lief slime?^^
108104 | D:26     | YOLOSWAG: you have the setup
108104 | D:26     | topse123: maybe
108104 | D:26     | topse123: aehm, couldn't kill TRJ
108104 | D:26     | topse123: didn't know how ^^
108104 | D:26     | Edwina: =(
108104 | D:26     | topse123: and lust good mutations ^^
108104 | D:26     | topse123: lost
108116 | D:26     | Edwina: dann hat sichs doch gelohnt :D
108140 | D:26     | topse123: jop ...
108140 | D:26     | topse123: bin aber wenigstens bis runter gekommen
108155 | D:26     | Noticed an ancient lich
108156 | D:26     | YOLOSWAG: and then everything was german
108156 | D:26     | topse123: haha
108156 | D:26     | Edwina: sry
108156 | D:26     | YOLOSWAG: no its fine^^
108157 | D:26     | YOLOSWAG: that is an ancient lich?
108162 | D:26     | Killed an ancient lich
108171 | D:26     | Edwina: was*
108171 | D:26     | topse123: jop ^^
108432 | D:26     | YOLOSWAG: easy
108438 | D:26     | topse123: yes
108438 | D:26     | topse123: but its really at the moment
108438 | D:26     | topse123: it will become much harder
108642 | D:26     | topse123: they are going on my nerves
109270 | D:27     | Entered Level 27 of the Dungeon
109271 | D:27     | topse123: I have to eat sth now ^^
109271 | D:27     | topse123: cya
109683 | D:27     | Found Weukheoz's Food Shoppe.
109699 | D:27     | Found Staocuts' Armour Boutique.
110011 | D:27     | Found Brofamor's Book Emporium.
110966 | D:27     | Reached skill level 21 in Fighting
111191 | Hell     | Entered the Vestibule of Hell
111192 | Hell     | Noticed Geryon
111212 | Hell     | Killed Geryon
111283 | D:27     | Upgraded the game from 0.13-a0-3076-g221303f to 0.13-a0-3092-g1832de8
111989 | Hell     | Noticed Murray
112000 | Hell     | Killed Murray
112428 | Zot:1    | Entered Level 1 of the Realm of Zot
113144 | Zot:1    | Noticed an orb of fire
113150 | Zot:1    | Killed an orb of fire
113367 | Zot:1    | Noticed an orb of fire
114196 | Zot:1    | Killed an orb of fire
116069 | Zot:3    | Reached skill level 22 in Fighting
118953 | Hell     | Upgraded the game from 0.13-a0-3092-g1832de8 to 0.13-a0-3104-gb5885e9
119889 | Lair:1   | Learned a level 9 spell: Shatter
121744 | Slime:6  | Killed the royal jelly
121772 | Slime:6  | Got a transparent helmet
121776 | Slime:6  | Identified the +5 helmet of Jegado {Str+3 Dex+4 Curse} (You found it on level 6 of the Pits of Slime)
121929 | Slime:6  | Got a wavering golden ring
121930 | Slime:6  | Identified the ring of the Tempest {Ice Int-5 Acc-3} (You found it on level 6 of the Pits of Slime)
121955 | Slime:6  | Got a heavily runed ring mail
121966 | Slime:6  | Identified the cursed +1 ring mail of Ruamiak {rPois Acc-2} (You found it on level 6 of the Pits of Slime)
122052 | Slime:6  | Got a crude copper ring
122057 | Slime:6  | Identified the ring of Togenuan {rF+ Int+3 Dam+4} (You found it on level 6 of the Pits of Slime)
122068 | Slime:6  | Got a slimy rune of Zot
122085 | Slime:6  | Got a flickering bronze amulet
122086 | Slime:6  | Identified the amulet "Ficha" {Cons rC++ Dam-2} (You found it on level 6 of the Pits of Slime)
122109 | Slime:6  | Identified a +9 rod of warding (10/10) (You found it on level 6 of the Pits of Slime)
122167 | Slime:6  | Got a jewelled crossbow
122168 | Slime:6  | Identified the crossbow of False Accusations {penet, Dex+2} (You found it on level 6 of the Pits of Slime)
122193 | Slime:6  | Got a crystal bow
122194 | Slime:6  | Identified the bow of the Harvest {flame, rC++ rN+} (You found it on level 6 of the Pits of Slime)
123003 | Hell     | Upgraded the game from 0.13-a0-3104-gb5885e9 to 0.13-a0-3110-gf6e36dc
123604 | Crypt:3  | Killed a greater mummy
123607 | Crypt:3  | Noticed a greater mummy
123614 | Crypt:3  | Killed a greater mummy
123628 | Crypt:3  | Noticed Khufu
123631 | Crypt:3  | Killed a greater mummy
123633 | Crypt:3  | Killed Khufu
124128 | Tomb:1   | Entered Level 1 of the Tomb of the Ancients
124384 | Tomb:1   | Reached skill level 23 in Earth Magic
124398 | Tomb:1   | Noticed bronies4ever's ghost (great DjFE)
124409 | Tomb:1   | Killed bronies4ever's ghost
125566 | Crypt:3  | Upgraded the game from 0.13-a0-3110-gf6e36dc to 0.13-a0-3133-gec0fa00
125724 | Vaults:5 | Bought an uncursed amulet of warding for 240 gold pieces
125724 | Vaults:5 | Bought an uncursed ring of sustain abilities for 280 gold pieces
126199 | Tar:1    | Entered Level 1 of Tartarus
126584 | Tar:4    | Reached skill level 5 in Throwing
129394 | Tomb:3   | Entered Level 3 of the Tomb of the Ancients
131026 | Tomb:3   | Got an encrusted double sword
131027 | Tomb:3   | Identified the double sword of a Hundred Beds {slice, Str+3} (You found it on level 3 of the Tomb of the Ancients)
131031 | Tomb:3   | Identified Sif Muna's Incunabulum of Aid and Flight
131205 | Tomb:3   | Got a warped bone ring
131208 | Tomb:3   | Identified the ring "Doyrch" {Hunger- Int+3 Acc+3 Dam+4} (You found it on level 3 of the Tomb of the Ancients)
131276 | Tomb:3   | Got a transparent scimitar
131277 | Tomb:3   | Identified the cursed scimitar of Deformation {slice, Str+3} (You found it on level 3 of the Tomb of the Ancients)
131468 | Tomb:3   | Got a golden rune of Zot
132613 | Tar:6    | Found an ancient bone altar of Kikubaaqudgha.
132841 | Tar:7    | Entered Level 7 of Tartarus
133373 | Tar:7    | Identified a +0 rod of warding (9/9) (You found it on level 7 of Tartarus)
133451 | Tar:7    | Noticed the Serpent of Hell
133458 | Tar:7    | Killed the Serpent of Hell
133658 | Tar:7    | Noticed Ereshkigal
133659 | Tar:7    | Paralysed by the effects of Hell for 3 turns
133676 | Tar:7    | Killed Ereshkigal
133934 | Tar:7    | Got a bone rune of Zot
134409 | Tar:7    | Reached skill level 24 in Earth Magic
134450 | Tar:7    | Noticed an ancient lich
134456 | Tar:7    | Killed an ancient lich
134519 | Tar:7    | Identified the Grimoire of Summoning
134578 | Tar:7    | Got a slimy marble ring
134746 | Hell     | Identified the ring "Qeeninudgh" {Regen rC+ Dam+4} (You found it on level 7 of Tartarus)
134766 | Hell     | Found a gateway to the freezing wastes of Cocytus.
134856 | Coc:1    | Entered Level 1 of Cocytus
136067 | Coc:5    | Gained mutation: You are dopey. (Int -2) [mutagenic glow]
136113 | Coc:5    | Gained mutation: You are clumsy. (Dex -2) [mutagenic glow]
136564 | Hell     | Lost mutation: You are partially covered in rough black scales (AC +4, Dex -1). [potion of cure mutation]
136564 | Hell     | Lost mutation: You are dopey. (Int -2) [potion of cure mutation]
136564 | Hell     | Lost mutation: You are clumsy. (Dex -2) [potion of cure mutation]
136956 | Pan      | Entered Pandemonium
136973 | Pan      | Reached skill level 1 in Summonings
137002 | Pan      | Bastard: watch out for the silver star
137002 | Pan      | topse123: okay!?
137002 | Pan      | topse123: what is it doing?
137002 | Pan      | Bastard: it's behind that door
137002 | Pan      | topse123: oh
137002 | Pan      | Bastard: and can do plenty damage
137002 | Pan      | topse123: so its a kind of "fixed" pan level?
137002 | Pan      | Bastard: correct
137002 | Pan      | Bastard: no rune, though
137002 | Pan      | topse123: I see
137002 | Pan      | topse123: hm
137002 | Pan      | topse123: I'm scared now xD
137219 | Pan      | Reached skill level 25 in Fighting
137404 | Pan      | Reached skill level 5 in Summonings
138065 | Pan      | ThumpyTickTack: Man i knew nagas of chei were slow but your still playing the same character?!
138065 | Pan      | ThumpyTickTack: :P
138065 | Pan      | topse123: lol
138065 | Pan      | topse123: I lost one inbetween, don't know when you last watched ^^
138066 | Pan      | ThumpyTickTack: thats probably it, YOLOSWAG here
138066 | Pan      | ThumpyTickTack: that name was shit so i changed it
138074 | Pan      | topse123: haha
138074 | Pan      | topse123: what is this stupid holy flame?
138074 | Pan      | ThumpyTickTack: dunno
138078 | Pan      | Bastard: ophans spam it like crazy
138078 | Pan      | ThumpyTickTack: like regular flame i think, but does extra damage to unholy dudes
138078 | Pan      | Bastard: only around you so you can't move
138078 | Pan      | topse123: jup ^^
138078 | Pan      | topse123: just blink xD
138145 | Pan      | Reached skill level 26 in Fighting
138392 | Pan      | Bastard: this must be fun as a MuBe
138392 | Pan      | topse123: jop it is xD
138392 | Pan      | topse123: its just
138392 | Pan      | topse123: that I've no Idea about their strengths etc
138392 | Pan      | Bastard: >You convulse! x46
138401 | Pan      | Found a glowing golden altar of the Shining One.
138401 | Pan      | topse123: hm ...
138401 | Pan      | Bastard: keep in mind, shatter isn't too good against flying enemies
138401 | Pan      | topse123: I guess they are flying right ... xD
138401 | Pan      | Bastard: and nearly everything here lfies
138401 | Pan      | topse123: I just realized ...
138401 | Pan      | Bastard: *flies; yeah
138401 | Pan      | topse123: I know
138525 | Pan      | topse123: its getting tough ...
138538 | Pan      | Reached skill level 10 in Summonings
138569 | Pan      | ThumpyTickTack: all those sacred scourges...
138569 | Pan      | topse123: lol
138569 | Pan      | topse123: i want a blessed double sword :P
138569 | Pan      | ThumpyTickTack: gib
138592 | Pan      | Got a faintly glowing emerald amulet
138593 | Pan      | ThumpyTickTack: dazzling
138593 | Pan      | topse123: hm ...
138772 | Pan      | ThumpyTickTack: is there even anything in that room you are looking for?
138779 | Pan      | Bastard: could be good loot
138779 | Pan      | Bastard: could be bad loot
138779 | Pan      | Bastard: it's holy pan
138779 | Pan      | topse123: lets see
138779 | Pan      | Bastard: we're in it for the experience of a lifetime
138779 | Pan      | topse123: jop
138784 | Pan      | ThumpyTickTack: what about holy pan? i dced
138790 | Pan      | topse123: ?
138790 | Pan      | Bastard: "we're in it for the experience of a lifetime"
138804 | Pan      | Identified a +4 rod of inaccuracy (12/12) (You took it off an angel in Pandemonium)
138805 | Pan      | topse123: jipi :)
138805 | Pan      | topse123: thats what I was looking for ^^
139436 | Pan      | Learned a level 6 spell: Mass Abjuration
139618 | Pan      | Reached skill level 27 in Fighting
139674 | Pan      | Found a glowing silver altar of Zin.
140164 | Pan      | Identified the amulet "Plaow" {Ward -Cast Dex+3} (You took it off a seraph in Pandemonium)
140194 | Pan      | Got a dazzling scale mail
140251 | Pan      | Identified the +2 scale mail "Klycadof" {+Blink +Rage rElec Int-2} (You took it off an angel in Pandemonium)
140507 | Pan      | Reached skill level 10 in Shields
140863 | Pan      | Found a white marble altar of Elyvilon.
140982 | Pan      | topse123: hm
140982 | Pan      | Turgon: hm
140982 | Pan      | topse123: tell me what to do xD
140982 | Pan      | Turgon: Meiner Meinung nach der härteste Level in Pan
140982 | Pan      | topse123: xD
140982 | Pan      | Turgon: Kennst Du den holy Pan?
140982 | Pan      | topse123: nicht wirklich
140982 | Pan      | Turgon: Die Frage ist, ob Du hier was holen oder schnell verschwinden möchtest
140982 | Pan      | topse123: aber ging soweit recht gut
140982 | Pan      | Turgon: Zu holen gibt es u.a. potions cure mut
140982 | Pan      | topse123: hab schon fast alles platt gemacht
140982 | Pan      | topse123: und jetzt will ich ne pearl dragon armor :D
140982 | Pan      | Turgon: Und evtl. pearl dragon armour
140982 | Pan      | topse123: jop
140982 | Pan      | Turgon: ok
140982 | Pan      | topse123: aber der erwischt mich im falschen Moment ...
140982 | Pan      | Turgon: Hast Du cTele?
140982 | Pan      | topse123: nee ...
140982 | Pan      | topse123: aber der rest vom level ist recht sicher
140982 | Pan      | topse123: aber der rest ist wie gesagt fast leer
140982 | Pan      | Turgon: Ich kenn mich mit Chei so gut wie gar nicht aus
140982 | Pan      | topse123: also versuchen weg zu kommen!?
140982 | Pan      | topse123: hm, ja bewegen ist nicht
140982 | Pan      | topse123: und slouch blaucht zu lange
140982 | Pan      | topse123: also 4-5 mal
140982 | Pan      | topse123: und ich glaub das vieh macht ordentlich damage!?
140982 | Pan      | Turgon: Step from time hast Du ja auch (weiß aber nicht, wie gut das hier ist)
140982 | Pan      | topse123: 30% fail ...
140982 | Pan      | topse123: find das nicht so nuetzlich
140982 | Pan      | Turgon: Ja, pearl dragon sind nicht ganz ungefährlich
140982 | Pan      | topse123: aber sollte mal invocations trainieren ^^
140982 | Pan      | Turgon: Zeig mal die Skills
140982 | Pan      | Turgon: Was willst Du mit 24 SPC?!
140982 | Pan      | topse123: SPC?
140982 | Pan      | topse123: oh
140982 | Pan      | Turgon: spellcasting
140982 | Pan      | topse123: oehm, warum nicht?
140982 | Pan      | Turgon: Wozu hast Du die gebraucht?
140982 | Pan      | topse123: MP z.B.
140982 | Pan      | topse123: oder?
140982 | Pan      | topse123: und allgemein
140982 | Pan      | topse123: weil ich viel quer-beet gezaubert hab
140982 | Pan      | Turgon: Naja, Du hättest die XP auch anderswo inwestieren können
140982 | Pan      | Turgon: Some more invo e.g.
140982 | Pan      | topse123: :D
140982 | Pan      | Turgon: What are your spells?
140982 | Pan      | topse123: stone of tremors ^^
140983 | Pan      | topse123: ups
140983 | Pan      | topse123: why does the mouse work!?
140983 | Pan      | Turgon: I never use it
140984 | Pan      | topse123: to switch between chat ^^
140985 | Pan      | Turgon: Hint: after chatting type 'Esc'
140985 | Pan      | topse123: and how to enter the chat again?
140985 | Pan      | Turgon: To be sure not to act
140985 | Pan      | Turgon: Oh yes, I use the mouse - but only for getting into chat window
140985 | Pan      | topse123: k
140985 | Pan      | topse123: butterflies?
140985 | Pan      | topse123: wont help, right ...
140985 | Pan      | Turgon: What about blink? You have two scrolls
140985 | Pan      | topse123: hm
140985 | Pan      | Turgon: To south west
140985 | Pan      | topse123: but I can't get out of his LOS!?
140985 | Pan      | Turgon: You could blink again
140985 | Pan      | topse123: hm
140985 | Pan      | topse123: then I don't have any left xD
140985 | Pan      | Turgon: Don't understand this argument
140985 | Pan      | topse123: :D
140985 | Pan      | Turgon: Consumables are there for helping you not for being collected
140985 | Pan      | topse123: hm
140985 | Pan      | topse123: sure
140985 | Pan      | topse123: but I already survived 2 rounds
140985 | Pan      | topse123: maybe just quaff a potion
140985 | Pan      | Turgon: A living char without blink scrolls is better than a dead one with 10 blinks
140985 | Pan      | topse123: and wait for the tele?
140985 | Pan      | topse123: :D
140985 | Pan      | Turgon: It's up to you
140985 | Pan      | topse123: alright xD
141018 | Pan      | Turgon: Shedu resurrect each other
141019 | Pan      | topse123: jop
141019 | Pan      | topse123: learned that already ^^
141020 | Pan      | topse123: arg
141036 | Pan      | Turgon: Regen
141287 | Pan      | topse123: what is the monster spawn rate here?
141287 | Pan      | Turgon: As I said: I mostly avoid this level
141287 | Pan      | topse123: there are constantly some guys coming !?
141287 | Pan      | topse123: k
141287 | Pan      | Turgon: At least spawn rate is higher than I like
141287 | Pan      | topse123: I wanted to find a blessed double sword ^^
142104 | Pan      | Reached skill level 10 in Invocations
142543 | Pan      | Reached skill level 15 in Evocations
143502 | Pan      | Noticed Soaxkae the pandemonium lord
143506 | Pan      | Killed Soaxkae the pandemonium lord
143672 | D:22     | Escaped Pandemonium
143673 | D:22     | Upgraded the game from 0.13-a0-3133-gec0fa00 to 0.13-a0-3140-gbdcfb35
145392 | Hell     | ThumpyTickTack: I died in Zot:5 ;_;
145392 | Hell     | topse123: oh
145392 | Hell     | topse123: so early!?
145392 | Hell     | topse123: what floor was it?
145392 | Hell     | ThumpyTickTack: last one
145392 | Hell     | topse123: or weren't you prepared?
145392 | Hell     | topse123: ups
145392 | Hell     | topse123: sorry
145392 | Hell     | topse123: read Zig 5 ^^
145392 | Hell     | topse123: oh, did you try to get to orb?
145392 | Hell     | ThumpyTickTack: i couldnt find a rMut
145392 | Hell     | ThumpyTickTack: i hit an alarm trap
145392 | Hell     | topse123: xD
145392 | Hell     | ThumpyTickTack: and got so mutated by 7 orbs
145392 | Hell     | topse123: oh yes, I can believe that
145392 | Hell     | topse123: and left crippled ^^
145392 | Hell     | ThumpyTickTack: yup
145392 | Hell     | ThumpyTickTack: then went to the abyss to look for cure mut pots
145392 | Hell     | ThumpyTickTack: and met an invisible ancient lich
145392 | Hell     | topse123: oha
145392 | Hell     | ThumpyTickTack: rip
145392 | Hell     | topse123: no sInv either !?
145392 | Hell     | ThumpyTickTack: i did, but there was 4 other monster around me and i didnt realise till it was to late
145394 | Hell     | topse123: oh okay yes that can happen ...
145394 | Hell     | ThumpyTickTack: well at least im improving
145394 | Hell     | topse123: retry?
145394 | Hell     | ThumpyTickTack: from no runes to 3
145394 | Hell     | ThumpyTickTack: maybe
145394 | Hell     | topse123: :D
145394 | Hell     | ThumpyTickTack: i might try online, but it sucks compared to offline
145394 | Hell     | ThumpyTickTack: so slow and the interface sucks
145394 | Hell     | topse123: thats true ..
145394 | Hell     | topse123: jop ...
145394 | Hell     | topse123: I was impressed when I started it lately ^^
145394 | Hell     | topse123: maybe train offline and then come back when you're the best ^^ :D
145644 | Lair:1   | Learned a level 4 spell: Airstrike
145971 | Pan      | Entered Pandemonium
146013 | Pan      | Noticed Twoiwn the pandemonium lord
146021 | Pan      | Killed Twoiwn the pandemonium lord
146379 | Pan      | Got a +9,+7 brightly glowing hand axe {pain}
146508 | Pan      | Noticed Meulias the pandemonium lord
146515 | Pan      | Killed Meulias the pandemonium lord
146888 | Pan      | Noticed Psohodur the pandemonium lord
146893 | Pan      | Killed Psohodur the pandemonium lord
147217 | Pan      | Found an exit through the horrors of the Abyss.
148175 | Pan      | Reached skill level 5 in Air Magic
148219 | Pan      | Noticed Yfatoudaz the pandemonium lord
148225 | Pan      | Killed Yfatoudaz the pandemonium lord
148234 | Pan      | Got a demonic rune of Zot
148244 | Pan      | Upgraded the game from 0.13-a0-3140-gbdcfb35 to 0.13-a0-3153-g497d563
148361 | Pan      | Found an exit through the horrors of the Abyss.
148470 | Pan      | Found a gateway to a ziggurat.
148614 | Pan      | Noticed Zoid Faa the pandemonium lord
148622 | Pan      | Killed Zoid Faa the pandemonium lord
148653 | Pan      | Gained mutation: You have a slow metabolism. [a cacodemon]
148956 | Pan      | Entered the realm of Lom Lobon.
148991 | Pan      | Edwina: wacken!!
148992 | Pan      | topse123: moin
148992 | Pan      | Edwina: huhu
148992 | Pan      | topse123: :P
148995 | Pan      | Edwina: na was macht der dart-werfer?^^
149011 | Pan      | topse123: :P
149011 | Pan      | topse123: der is jetzt ganz gut geworden ...
149011 | Pan      | topse123: hatte n holy pan level
149011 | Pan      | Edwina: perfekt
149011 | Pan      | topse123: das hat spass gemacht :D
149011 | Pan      | Edwina: oha
149011 | Pan      | Edwina: schon cerebov gegrillt!? :D
149011 | Pan      | topse123: aber jetzt kommt Lom Lobom
149011 | Pan      | topse123: nope, der erste Pan Lord kommt jetzt ...
149011 | Pan      | Edwina: lumlum xD
149011 | Pan      | topse123: mal schaun
149121 | Pan      | topse123: ich hab schiss xD
149122 | Pan      | Edwina: ach
149122 | Pan      | Edwina: gogo
149157 | Pan      | Noticed Lom Lobon
149166 | Pan      | Killed Lom Lobon
149168 | Pan      | Got a magical rune of Zot
149169 | Pan      | Edwina: -.-
149169 | Pan      | topse123: xD
149169 | Pan      | Edwina: silly
149177 | Pan      | topse123: jop
149177 | Pan      | topse123: weil ich mal keinen Krach gemacht hab ...
149177 | Pan      | Edwina: :D
149177 | Pan      | Edwina: schade
149177 | Pan      | topse123: bei dem holy level hab ich vergessen dass shatter laerm macht
149177 | Pan      | topse123: und schlecht gegen fliegende typen ist ...
149177 | Pan      | Edwina: gegen cerebov wird vorher radau gemacht!
149177 | Pan      | topse123: P
149177 | Pan      | Edwina: oha
149396 | Pan      | topse123: ich hatte smokies
149398 | Pan      | Edwina: hmnmm habn cloak of perservation :D
149401 | Pan      | topse123: hab ja cons xD
149401 | Pan      | Edwina: stimmt
149405 | Pan      | topse123: nervt trotzdem
149405 | Pan      | Edwina: dann scheint dass n billigding zu sein^^
149405 | Pan      | topse123: jetzt ist summoning weg
149405 | Pan      | topse123: xD
149407 | Pan      | Found an exit through the horrors of the Abyss.
149437 | Pan      | Edwina: und du erkennst wenn es ein runen-lvl ist?^^
149485 | Pan      | Gained mutation: Your digestive system is specialised to digest meat. [potion of beneficial mutation]
149486 | Pan      | topse123: na super
149534 | Pan      | Noticed Amahooj the pandemonium lord
149534 | Pan      | topse123: holla
149534 | Pan      | Edwina: tornado rockt da!
149534 | Pan      | topse123: jop ...
149536 | Pan      | topse123: oder ice storm jetzt ...
149536 | Pan      | Edwina: jop
149536 | Pan      | topse123: bin halt bissl out of mana ...
149542 | Pan      | Edwina: ...
149542 | Pan      | topse123: :P
149565 | Pan      | Edwina: muss leider off
149567 | Pan      | Edwina: hau rein
149567 | Pan      | topse123: jops
149567 | Pan      | topse123: machs gut
149620 | Pan      | Killed Amahooj the pandemonium lord
149701 | Pan      | Upgraded the game from 0.13-a0-3153-g497d563 to 0.13-a0-3159-gc5ce8eb
150006 | Pan      | Noticed Smui the pandemonium lord
150020 | Pan      | Killed Smui the pandemonium lord
150096 | Pan      | Identified Maurice's Almanac of Protection (You found it in Pandemonium)
150262 | Pan      | Entered the realm of Gloorx Vloq.
150764 | Pan      | Noticed Gloorx Vloq
150774 | Pan      | Killed Gloorx Vloq
150818 | Pan      | Got a dark rune of Zot
151025 | Pan      | Found an exit through the horrors of the Abyss.
151089 | Pan      | Noticed Fablien the pandemonium lord
151102 | Pan      | Killed Fablien the pandemonium lord
151295 | Pan      | Noticed Aduo the pandemonium lord
151297 | Pan      | Killed Aduo the pandemonium lord
151425 | Pan      | Entered the realm of Mnoleg.
151542 | Pan      | Noticed Mnoleg
151551 | Pan      | Killed Mnoleg
151605 | Pan      | Got a glowing rune of Zot
151851 | Pan      | Entered the realm of Cerebov.
152284 | Pan      | Upgraded the game from 0.13-a0-3159-gc5ce8eb to 0.14-a0-19-g3ffea20
152438 | Pan      | Reached skill level 15 in Shields
152456 | Pan      | Noticed Cerebov
152584 | Pan      | Got an ancient eveningstar
152589 | Pan      | Identified the +10,+4 eveningstar "Cluefoge" {pain, +Rage rElec Stlth++} (You found it in Pandemonium)
152589 | Pan      | Identified the +10,+4 eveningstar "Cluefoge" {pain, +Rage rElec Stlth++} (You found it in Pandemonium)
152600 | Pan      | Got an ichor-stained sling
152601 | Pan      | Identified the +12,+8 sling of a Hundred Nights {velocity, rF+ rN+ SInv} (You found it in Pandemonium)
152601 | Pan      | Identified the +12,+8 sling of a Hundred Nights {velocity, rF+ rN+ SInv} (You found it in Pandemonium)
152651 | Pan      | Got a smoking copper amulet
152665 | Pan      | Got a smoking scimitar
152666 | Pan      | Identified the +6,+4 scimitar of Troece {flame, -Tele rPois} (You found it in Pandemonium)
152666 | Pan      | Identified the +6,+4 scimitar of Troece {flame, -Tele rPois} (You found it in Pandemonium)
152686 | Pan      | Got a pair of warped gloves
152711 | Pan      | Identified the +2 pair of gloves "Prangaec" {rF+} (You found it in Pandemonium)
152835 | Pan      | Got a fiery rune of Zot
152855 | Pan      | Killed Cerebov
152924 | Pan      | Got a crude morningstar
153109 | Pan      | Found a gateway to a ziggurat.
153109 | Pan      | Noticed an ancient lich
153111 | Pan      | Killed an ancient lich
153160 | Pan      | Paralysed by the power of Zot for 5 turns
153167 | Pan      | You paid a toll of 3610 gold to enter a ziggurat.
153167 | Zig:1    | Entered Level 1 of a ziggurat
153220 | Zig:2    | Entered Level 2 of a ziggurat
153245 | Zig:3    | Entered Level 3 of a ziggurat
153301 | Zig:3    | Identified the amulet "Theikk" {Cons rC+ Str+2 SInv Curse} (You found it in Pandemonium)
153339 | Zig:4    | Entered Level 4 of a ziggurat
153380 | Zig:4    | Identified the Handbook of Displaced Enhancements
153383 | Zig:4    | Got a scintillating bronze ring
153396 | Zig:4    | Identified the ring "Blitza" {Str+5 Dex+4 Acc+6 Dam+6} (You found it on level 4 of a ziggurat)
153408 | Zig:5    | Entered Level 5 of a ziggurat
153413 | Zig:5    | Noticed an ancient lich
153413 | Zig:5    | Noticed an ancient lich
153420 | Zig:5    | Killed an ancient lich
153424 | Zig:5    | Killed an ancient lich
153458 | Zig:6    | Entered Level 6 of a ziggurat
153585 | Zig:6    | bronies4ever: your jewellery is pretty sick
153587 | Zig:6    | topse123: sick in what sense?
153587 | Zig:6    | topse123: its partly good
153587 | Zig:6    | bronies4ever: that amulet, and that slaying ring with 5 str and 4 dex
153587 | Zig:6    | topse123: but some resistances are missing
153587 | Zig:6    | topse123: well yes, thats really good
153587 | Zig:6    | topse123: but resistances would help more ^^
153602 | Zig:6    | bronies4ever: true, but they aren't half bad from what I have seen.
153603 | Zig:6    | bronies4ever: A resistance shield or large shield even would be great
153603 | Zig:6    | topse123: jup
153603 | Zig:6    | topse123: I'm waiting for that ...
153604 | Zig:7    | Entered Level 7 of a ziggurat
153719 | Zig:7    | Identified the Handbook of Dusty Transmigration (You found it on level 7 of a ziggurat)
153728 | Zig:7    | Got a smoking ivory amulet
153729 | Zig:7    | Identified the amulet "Fasa" {Stasis rC+} (You found it on level 7 of a ziggurat)
153734 | Zig:8    | Entered Level 8 of a ziggurat
153803 | Zig:8    | Identified Sif Muna's Handbook of the Traveller (You found it on level 8 of a ziggurat)
153820 | Zig:9    | Entered Level 9 of a ziggurat
153953 | Zig:9    | Identified the Compendium of Glacial Aid
154011 | Zig:10   | Entered Level 10 of a ziggurat
154062 | Zig:10   | Got a brightly glowing pewter ring
154081 | Zig:10   | Got an ancient bronze ring
154083 | Zig:10   | Identified the ring "Mifezoc" {Str+2 Dex-4} (You found it on level 10 of a ziggurat)
154084 | Zig:10   | Identified the ring "Kubbouso" {rPois rC- rN+ EV+3} (You found it on level 10 of a ziggurat)
154351 | Zig:11   | Entered Level 11 of a ziggurat
154458 | Zig:11   | Got a jewelled naga barding
154468 | Zig:11   | Identified the +3 naga barding of Servitude {Str-1} (You acquired it on level 11 of a ziggurat)
154487 | Zig:11   | Identified a +4 rod of demonology (11/11) (You found it on level 11 of a ziggurat)
154491 | Zig:11   | Identified the Catalogue of Cankerous Arcane Weapons (You found it on level 11 of a ziggurat)
154614 | Zig:12   | Entered Level 12 of a ziggurat
154906 | Zig:12   | Got a scintillating lead amulet
154907 | Zig:12   | Identified the amulet of Manoz {Spirit +Fly rC++} (You found it on level 12 of a ziggurat)
154923 | Zig:12   | Identified a +9 rod of striking (8/8) (You found it on level 12 of a ziggurat)
154934 | Zig:13   | Entered Level 13 of a ziggurat
154940 | Zig:13   | Noticed Detatzur the pandemonium lord
154942 | Zig:13   | Killed Detatzur the pandemonium lord
154949 | Zig:13   | Noticed Bluekh the pandemonium lord
154950 | Zig:13   | Noticed Reagip the pandemonium lord
154954 | Zig:13   | Killed Bluekh the pandemonium lord
154962 | Zig:13   | Killed Reagip the pandemonium lord
154984 | Zig:13   | Noticed Pisyzek the pandemonium lord
155000 | Zig:13   | Killed Pisyzek the pandemonium lord
155196 | Zig:13   | Got a smoking bronze ring
155197 | Zig:13   | Identified the ring "Bleownav" {Hunger Dex+1 Acc+6 Dam+2 Stlth++} (You found it on level 13 of a ziggurat)
155341 | Zig:14   | Entered Level 14 of a ziggurat
155563 | Zig:14   | Identified Azrael's Collected Works on Excruciating Fire (You found it on level 14 of a ziggurat)
155717 | Zig:15   | Entered Level 15 of a ziggurat
155921 | Zig:15   | Got a crude golden ring
155922 | Zig:15   | Identified the ring of Xom's Delight {Contam Hunger rF+ rN+ MR+ Str+2} (You found it on level 15 of a ziggurat)
155932 | Zig:15   | Got a dazzling spear
155933 | Zig:15   | Identified the +7,+9 spear of Change {freeze, +Blink rF- rC+ rN+} (You found it on level 15 of a ziggurat)
155933 | Zig:15   | Identified the +7,+9 spear of Change {freeze, +Blink rF- rC+ rN+} (You found it on level 15 of a ziggurat)
155943 | Zig:15   | Identified the Volume of Displacement and Protection
155976 | Zig:16   | Entered Level 16 of a ziggurat
156187 | Zig:16   | Reached skill level 10 in Air Magic
156237 | Zig:16   | Got a scintillating lead ring
156238 | Zig:16   | Identified the ring "Xyam" {rPois rC+ rN+ SInv} (You found it on level 16 of a ziggurat)
156343 | Zig:17   | Entered Level 17 of a ziggurat
156598 | Zig:17   | Identified Sorcery for Absolute Beginners
156603 | Zig:17   | Reached skill level 27 in Earth Magic
156612 | Zig:17   | Got a smoking turquoise ring
156617 | Zig:17   | Identified the ring of Gumiaq {rF+ Dex+3 Dam+5} (You found it on level 17 of a ziggurat)
156784 | Zig:18   | Entered Level 18 of a ziggurat
156806 | Zig:18   | Noticed 4tharraofdagon's ghost (great DsFE)
156814 | Zig:18   | Killed 4tharraofdagon's ghost
156933 | Zig:18   | Noticed Gruud's ghost (legendary DjWr)
156963 | Zig:18   | Killed Gruud's ghost
156978 | Zig:18   | bronies4ever: I hate shining eyes :|
156979 | Zig:18   | topse123: oh yes ...
156979 | Zig:18   | topse123: I lost some good mutation to them too already ...
156979 | Zig:18   | topse123: and I just realized these stupid slimes eat my ammo that I drop on the ground ...
156985 | Zig:18   | Paralysed by a giant eyeball for 3 turns
157172 | Zig:18   | bronies4ever: doesm
157172 | Zig:18   | bronies4ever: doesn't it get borderline dangerous now?
157172 | Zig:18   | bronies4ever: Without firestorm or something :|
157172 | Zig:18   | topse123: jop ^^
157172 | Zig:18   | topse123: well, I have shatter
157172 | Zig:18   | topse123: and slouch
157172 | Zig:18   | topse123: but yes
157172 | Zig:18   | bronies4ever: good luck with shatter on an angel/deva level :D
157172 | Zig:18   | topse123: hehe
157172 | Zig:18   | bronies4ever: or mass pand lord :D
157172 | Zig:18   | topse123: I know
157172 | Zig:18   | topse123: I was about to leave
157172 | Zig:18   | topse123: ;)
157172 | Zig:18   | bronies4ever: ah, good :D
157172 | Zig:18   | topse123: temptation is just too big
157172 | Zig:18   | topse123: I thought
157172 | Zig:18   | bronies4ever: you can always enter a fresh one
157172 | Zig:18   | topse123: I could shatter some holes into the walls here
157172 | Zig:18   | topse123: and by that create a save spot where I could fight enemies one on one
157172 | Zig:18   | topse123: but its not working on these stupid walls ...
157172 | Zig:18   | topse123: and then?
157172 | Zig:18   | bronies4ever: yeah, indestructible
157172 | Zig:18   | topse123: ah yes
157172 | Zig:18   | topse123: ^^
157172 | Zig:18   | topse123: you mean a fresh Zig ^^
157172 | Zig:18   | bronies4ever: yup
157172 | Zig:18   | topse123: jop
157187 | Pan      | topse123: alright, but now its time for bed ;)
157187 | Pan      | bronies4ever: k :D
157187 | Pan      | topse123: cya
157187 | Pan      | Leibowitz: aww :)
157187 | Pan      | Leibowitz: bye
157187 | Pan      | Upgraded the game from 0.14-a0-19-g3ffea20 to 0.14-a0-30-gf0b6e91
157410 | Pan      | Found an exit through the horrors of the Abyss.
157494 | Pan      | Noticed Puiles the pandemonium lord
157518 | Pan      | Killed Puiles the pandemonium lord
157614 | D:22     | Escaped Pandemonium
158281 | D:21     | Voluntarily entered the Abyss.
158282 | Abyss:1  | Found a corrupted altar of Lugonu.
159141 | Abyss:3  | Found a corrupted altar of Lugonu.
159582 | Abyss:5  | Entered Level 5 of the Abyss
159582 | Abyss:5  | Found a corrupted altar of Lugonu.
159858 | Abyss:5  | Paralysed by accursed screaming for 1 turns
160541 | Abyss:5  | Paralysed by accursed screaming for 1 turns
160911 | Abyss:5  | Gained mutation: You are frail (-10% HP). [a neqoxec]
161409 | D:21     | Escaped the Abyss
161420 | D:21     | Voluntarily entered the Abyss.
161493 | Abyss:1  | Paralysed by accursed screaming for 1 turns
161498 | Abyss:1  | Paralysed by accursed screaming for 1 turns
161502 | Abyss:1  | Paralysed by accursed screaming for 1 turns
161511 | Abyss:1  | Paralysed by accursed screaming for 1 turns
162392 | Abyss:3  | Found a corrupted altar of Lugonu.
162698 | Abyss:5  | Entered Level 5 of the Abyss
162734 | Abyss:5  | Found a corrupted altar of Lugonu.
162890 | Abyss:5  | Got an abyssal rune of Zot
162973 | D:21     | Escaped the Abyss
162978 | D:21     | Upgraded the game from 0.14-a0-30-gf0b6e91 to 0.14-a0-40-g75911bd
162980 | D:21     | Lost mutation: You have a slow metabolism. [potion of cure mutation]
162980 | D:21     | Lost mutation: Your digestive system is specialised to digest meat. [potion of cure mutation]
162980 | D:21     | Lost mutation: You are frail (-10% HP). [potion of cure mutation]
163394 | Coc:7    | Entered Level 7 of Cocytus
164420 | Coc:7    | Noticed Antaeus
164483 | Coc:7    | Killed Antaeus
164567 | Coc:7    | Turgon: Hast Du kein flight?
164569 | Coc:7    | topse123: jop ...
164569 | Coc:7    | topse123: bzw nicht dabei ...
164591 | Hell     | Turgon: Die Rune gibts nur, wenn man fliegen oder schwimmen kann
164594 | Hell     | topse123: ja, oder glueck beim blinken ^^
164622 | Hell     | Turgon: Nein, leider nicht
164624 | Hell     | topse123: echt, da kommt man nicht hin?
164624 | Hell     | Turgon: Nein
164624 | Hell     | topse123: hm
164632 | Coc:1    | Turgon: Und cTele geht ja erst, wenn man die Rune hat
164682 | Coc:3    | topse123: jop ^^
164682 | Coc:3    | Turgon: Mal eine off-topic Frage:
164682 | Coc:3    | Turgon: Wo aus Thüringen kommst Du her?
164682 | Coc:3    | topse123: bei Jena/Apolda/Bad Sulza
164682 | Coc:3    | topse123: kennste ?
164715 | Coc:3    | Turgon: Bin mal mit dem Zug durch den Thüringer Wald gefahren (kann mich noch an Suhl erinnern)
164727 | Coc:3    | Turgon: Hab außerdem mal ein Turnier in Georgenthal gespielt
164729 | Coc:4    | topse123: uj, ja naja das ist dann noch ein bissl weg
164729 | Coc:4    | topse123: komme so aus dem Thueringer becken
164729 | Coc:4    | topse123: aber bin jetzt in Freiburg ^^
164729 | Coc:4    | topse123: wo kommst du her?
164742 | Coc:5    | Turgon: Freiburg / Breisgau?
164743 | Coc:5    | topse123: jop
164748 | Coc:5    | Turgon: Ich wohne seit einigen Jahren in Augsburg
164754 | Coc:5    | topse123: ah k
164754 | Coc:5    | Turgon: Freiburg war ich schon mehrfach
164754 | Coc:5    | topse123: :) ist ganz huebsch hier
164758 | Coc:5    | Turgon: U.a. im Dreisamstadion
164758 | Coc:5    | topse123: ha ja xD
164758 | Coc:5    | Turgon: (heißt jetzt ja anders)
164758 | Coc:5    | topse123: jops, "Solar Mage" ^^
164758 | Coc:5    | topse123: also bist du so einer der dann den Dreisamradweg "blockiert" :P
164826 | Coc:7    | topse123: shit
164826 | Coc:7    | topse123: *gruml*
164826 | Coc:7    | Turgon: ?
164826 | Coc:7    | topse123: ich hasse curse skulls ...
164826 | Coc:7    | topse123: keine remove curse am start ...
164851 | Hell     | Turgon: :-)
165064 | Coc:7    | Got an icy rune of Zot
165071 | Coc:7    | Identified a +0 rod of destruction (14/14) (You found it on level 7 of Cocytus)
165096 | Coc:7    | Got an amber-encrusted scale mail
165197 | Coc:7    | Reached skill level 27 in Evocations
165215 | Hell     | Upgraded the game from 0.14-a0-40-g75911bd to 0.14-a0-50-gc6ee670
165591 | Dis:1    | Entered Level 1 of the Iron City of Dis
165954 | Dis:5    | Tolias: niiice helm
165954 | Dis:5    | topse123: hm yes
165954 | Dis:5    | topse123: but resistences would help more ...
166771 | Dis:7    | Entered Level 7 of the Iron City of Dis
166935 | Dis:7    | Reached skill level 15 in Air Magic
167466 | Dis:7    | Tolias: gl
167775 | Dis:7    | Got a vibrating copper amulet
167775 | Dis:7    | Got a scintillating copper amulet
167945 | Dis:7    | Got a flickering ivory ring
167945 | Dis:7    | Got a scintillating steel amulet
167998 | Dis:7    | Got a fine scale mail
168262 | Dis:7    | Noticed Dispater
168274 | Dis:7    | Killed Dispater
168325 | Dis:7    | Got an iron rune of Zot
168340 | Dis:7    | Got a pitted turquoise ring
168606 | Hell     | Upgraded the game from 0.14-a0-50-gc6ee670 to 0.14-a0-77-g9a1e883
168664 | Hell     | Identified the +3 scale mail of Peahobb {Dex+4 Int+2} (You found it on level 7 of the Iron City of Dis)
168679 | Hell     | Identified the cursed +0 scale mail of Hairiness {+Rage SInv} (You found it on level 7 of Cocytus)
168712 | Hell     | Identified the ring of Ascent {Str+4 Int+1} (You found it on level 7 of the Iron City of Dis)
168713 | Hell     | Identified the ring "Bruog" {+/*Tele Str-1 SInv} (You found it on level 7 of the Iron City of Dis)
168721 | Hell     | Identified the amulet of Nedazan {Inacc -Tele SInv} (You found it on level 7 of the Iron City of Dis)
168721 | Hell     | Identified the amulet "Cho Cuattoto" {Inacc rN+ Dex+2} (You found it on level 7 of the Iron City of Dis)
168724 | Hell     | Identified the amulet of the Five Stars {rMut Hunger MR++} (You found it on level 7 of the Iron City of Dis)
169774 | Lair:1   | Learned a level 2 spell: Sublimation of Blood
170268 | Geh:1    | Entered Level 1 of Gehenna
170396 | Geh:1    | Paralysed by the effects of Hell for 6 turns
170928 | Geh:5    | Reached skill level 10 in Necromancy
171111 | Geh:6    | Paralysed by the effects of Hell for 7 turns
171264 | Geh:7    | Entered Level 7 of Gehenna
172012 | Geh:7    | Noticed an ancient lich
172014 | Geh:7    | Killed an ancient lich
172062 | Geh:7    | Paralysed by the effects of Hell for 4 turns
172733 | Geh:7    | Noticed Asmodeus
172749 | Geh:7    | Killed Asmodeus
172831 | Geh:7    | Got a smoking jade ring
172837 | Geh:7    | Got an obsidian rune of Zot
172863 | Geh:7    | Got a flickering diamond amulet
173106 | Hell     | Upgraded the game from 0.14-a0-77-g9a1e883 to 0.14-a0-102-g2341383
173109 | Hell     | Identified the amulet of Schise {Spirit Str+3 Int+3} (You took it off a red devil on level 7 of Gehenna)
173109 | Hell     | Identified the cursed ring "Laexemyj" {Dex+5 Int+1 Acc-3 Dam-3} (You found it on level 7 of Gehenna)
173213 | Pan      | Entered Pandemonium
173523 | Pan      | Found an exit through the horrors of the Abyss.
173549 | Pan      | Reached skill level 27 in Long Blades
173742 | Pan      | HP: 12/377 [Shadow Fiend/bolt of cold (44)]
173989 | Pan      | Noticed Qifachoj the pandemonium lord
174011 | Pan      | Killed Qifachoj the pandemonium lord
174179 | D:22     | Escaped Pandemonium
174183 | Pan      | Entered Pandemonium
174183 | Pan      | Noticed Greor the pandemonium lord
174193 | Pan      | Killed Greor the pandemonium lord
174403 | Pan      | Noticed Schoiz the pandemonium lord
174407 | Pan      | Killed Schoiz the pandemonium lord
174933 | Pan      | Found an exit through the horrors of the Abyss.
175033 | Pan      | Noticed Jyforuki the pandemonium lord
175034 | Pan      | Killed Jyforuki the pandemonium lord
175130 | Pan      | Noticed Ifosmo Noevo the pandemonium lord
175133 | Pan      | Killed Ifosmo Noevo the pandemonium lord
175157 | Pan      | Identified Lom Lobon's Grimoire of Attacks (You found it in Pandemonium)
175310 | Pan      | Found an exit through the horrors of the Abyss.
175357 | Pan      | Found an exit through the horrors of the Abyss.
175401 | Pan      | Noticed Mnai the pandemonium lord
175417 | Pan      | Killed Mnai the pandemonium lord
175970 | Pan      | Found an exit through the horrors of the Abyss.
176089 | Pan      | Noticed Vyot the pandemonium lord
176093 | Pan      | Killed Vyot the pandemonium lord
176574 | Pan      | Noticed Blaomnoc the pandemonium lord
176580 | Pan      | Paralysed by Blaomnoc for 3 turns
176588 | Pan      | Killed Blaomnoc the pandemonium lord
176609 | Pan      | Gained mutation: You have a fast metabolism. [a cacodemon]
176615 | Pan      | Gained mutation: You are clumsy. (Dex -2) [a cacodemon]
177037 | Pan      | Noticed Crio the pandemonium lord
177055 | Pan      | Killed Crio the pandemonium lord
177211 | Pan      | Found an exit through the horrors of the Abyss.
177231 | Pan      | Took an exit into the Abyss.
177231 | Abyss:1  | Escaped into the Abyss
177232 | Abyss:1  | Found a corrupted altar of Lugonu.
177317 | D:22     | Escaped the Abyss
177339 | Hell     | Lost mutation: You are clumsy. (Dex -2) [potion of cure mutation]
177339 | Hell     | Lost mutation: You have a fast metabolism. [potion of cure mutation]
177363 | Pan      | Entered Pandemonium
177363 | Pan      | Noticed Beudolel the pandemonium lord
177368 | Pan      | Killed Beudolel the pandemonium lord
177776 | Pan      | Reached skill level 27 in Spellcasting
177881 | D:22     | Escaped Pandemonium
177885 | D:22     | Upgraded the game from 0.14-a0-102-g2341383 to 0.14-a0-155-gd989017
177916 | Hell     | Learned a level 9 spell: Tornado
178286 | Pan      | Entered Pandemonium
178440 | Pan      | Found an exit through the horrors of the Abyss.
178580 | Pan      | Noticed Paacka Kaup the pandemonium lord
178779 | Pan      | Killed Paacka Kaup the pandemonium lord
178834 | Pan      | Got a pitted tin ring
178836 | Pan      | Identified the ring "Scheasao" {Hunger- rF+} (You found it in Pandemonium)
178840 | Pan      | Identified a +0 rod of inaccuracy (9/9) (You found it in Pandemonium)
178866 | Pan      | Identified a +3 rod of destruction (11/11) (You found it in Pandemonium)
178913 | Pan      | Gained mutation: You tend to lose your temper in combat. [a neqoxec]
179216 | Pan      | Took an exit into the Abyss.
179216 | Abyss:1  | Escaped into the Abyss
179222 | D:22     | Escaped the Abyss
179243 | Hell     | Lost mutation: You tend to lose your temper in combat. [potion of cure mutation]
179264 | Pan      | Entered Pandemonium
179435 | Pan      | Noticed dck's ghost (mighty HEWr)
179457 | Pan      | Killed dck's ghost
179538 | Pan      | Noticed Pritti the pandemonium lord
179554 | Pan      | Killed Pritti the pandemonium lord
180256 | Pan      | Noticed Pnuil the pandemonium lord
180263 | Pan      | Killed Pnuil the pandemonium lord
180971 | Pan      | Noticed Tudamos the pandemonium lord
180982 | Pan      | Killed Tudamos the pandemonium lord
181010 | Pan      | Got a flickering bone ring
181012 | Pan      | Identified the cursed ring "Threom Gruo" {SustAb MR++ Dex+2} (You found it in Pandemonium)
181017 | Pan      | Found an exit through the horrors of the Abyss.
181074 | Pan      | Noticed Begozuyh the pandemonium lord
181342 | Pan      | Killed Begozuyh the pandemonium lord
181633 | Pan      | Found an exit through the horrors of the Abyss.
182593 | Pan      | Found an exit through the horrors of the Abyss.
183388 | Pan      | Found a gateway to a ziggurat.
183477 | Pan      | You paid a toll of 3860 gold to enter a ziggurat.
183477 | Zig:1    | Entered Level 1 of a ziggurat
183522 | Zig:2    | Entered Level 2 of a ziggurat
183548 | Zig:3    | Entered Level 3 of a ziggurat
183584 | Zig:4    | Entered Level 4 of a ziggurat
183626 | Zig:5    | Entered Level 5 of a ziggurat
183682 | Zig:6    | Entered Level 6 of a ziggurat
183736 | Zig:6    | Got a steaming wooden ring
183745 | Zig:6    | Identified the ring of the Sky {Regen SInv} (You found it on level 6 of a ziggurat)
183833 | Zig:7    | Entered Level 7 of a ziggurat
183921 | Zig:8    | Entered Level 8 of a ziggurat
184018 | Zig:9    | Entered Level 9 of a ziggurat
184085 | Zig:10   | Entered Level 10 of a ziggurat
184172 | Zig:11   | Entered Level 11 of a ziggurat
184377 | Zig:11   | Got a warped turquoise ring
184378 | Zig:11   | Identified the ring of Zurroad {Regen +Blink rC+} (You found it on level 11 of a ziggurat)
184402 | Zig:12   | Entered Level 12 of a ziggurat
184422 | Zig:12   | Noticed Tolias' ghost (legendary NaSu)
184459 | Zig:12   | Killed Tolias' ghost
184849 | Zig:13   | Entered Level 13 of a ziggurat
184940 | Zig:13   | Gained mutation: You are clumsy. (Dex -2) [a neqoxec]
184947 | Zig:13   | Lost mutation: You are clumsy. (Dex -2) [potion of cure mutation]
185001 | Zig:13   | Identified a +4 rod of the swarm (13/13) (You found it on level 13 of a ziggurat)
185103 | Zig:14   | Entered Level 14 of a ziggurat
185176 | Zig:14   | HP: 12/377 [greater mummy (11)]
185176 | Zig:14   | Slain by a reaper

Action                   |  1- 3 |  4- 6 |  7- 9 | 10-12 | 13-15 | 16-18 | 19-21 | 22-24 | 25-27 || total
-------------------------+-------+-------+-------+-------+-------+-------+-------+-------+-------++-------
Melee: Dagger            |   155 |     8 |    63 |    58 |   244 |   183 |   187 |   131 |   501 ||  1530
       Short sword       |       |   154 |   212 |   471 |    20 |     1 |       |       |       ||   858
       Long sword        |       |       |       |   262 |   770 |   946 |   546 |   142 |     9 ||  2675
       Hand axe          |       |       |       |     5 |       |       |       |       |       ||     5
       Sling             |       |       |       |     1 |       |       |       |       |       ||     1
       Scimitar          |       |       |       |       |     3 |   105 |   482 |   110 |    11 ||   711
       Unarmed           |       |       |       |       |     3 |       |       |       |     9 ||    12
       Sabre             |       |       |       |       |       |     3 |       |       |       ||     3
       Demon blade       |       |       |       |       |       |       |       |   392 |  1830 ||  2222
       Eudemon blade     |       |       |       |       |       |       |       |   393 |  7212 ||  7605
       Double sword      |       |       |       |       |       |       |       |       |   586 ||   586
       Staff             |       |       |       |       |       |       |       |       |   147 ||   147
       Rod               |       |       |       |       |       |       |       |       |    23 ||    23
 Fire: Blowgun           |       |    11 |    82 |    71 |    35 |    20 |    15 |     4 |       ||   238
       Sling             |       |    19 |   197 |   511 |   199 |   214 |   233 |   113 |   551 ||  2037
Throw: Dart              |    37 |    14 |    20 |   113 |     7 |       |       |       |       ||   191
       Dagger            |    10 |    20 |    31 |       |       |       |       |     2 |     7 ||    70
       Hand axe          |       |     2 |       |    61 |   505 |   208 |   217 |   136 |   679 ||  1808
       Throwing net      |       |       |       |       |     1 |       |       |       |       ||     1
       Stone             |       |       |       |       |     6 |       |       |       |     5 ||    11
       Javelin           |       |       |       |       |    15 |     5 |    26 |    52 |   167 ||   265
       Tomahawk          |       |       |       |       |       |       |       |       |   172 ||   172
 Cast: Corona            |    11 |     4 |     1 |    10 |     5 |     5 |       |       |       ||    36
       Sure Blade        |     5 |     9 |    13 |     6 |       |       |       |       |       ||    33
       Ensorcelled Hiber |       |     5 |    24 |   109 |    61 |     9 |     3 |     5 |    13 ||   229
       Confuse           |       |     6 |    30 |   103 |    38 |    44 |    21 |    17 |     7 ||   266
       Enslavement       |       |       |       |    15 |     9 |    15 |    18 |    15 |    16 ||    88
       Passwall          |       |       |       |     9 |    31 |    36 |    34 |    30 |   244 ||   384
       Invisibility      |       |       |       |     8 |    20 |    18 |    21 |    19 |    50 ||   136
       Blink             |       |       |       |     1 |     2 |     3 |       |     4 |    60 ||    70
       Lee's Rapid Decon |       |       |       |       |    88 |   134 |   191 |   183 |   754 ||  1350
       Phase Shift       |       |       |       |       |       |    14 |    23 |    22 |    85 ||   144
       Silence           |       |       |       |       |       |    22 |    30 |    12 |    76 ||   140
       Statue Form       |       |       |       |       |       |     6 |    21 |    21 |   325 ||   373
       Stoneskin         |       |       |       |       |       |     2 |    27 |    23 |   166 ||   218
       Repel Missiles    |       |       |       |       |       |       |    10 |    10 |    70 ||    90
       Regeneration      |       |       |       |       |       |       |    23 |    34 |   303 ||   360
       Iron Shot         |       |       |       |       |       |       |     1 |   109 |  1333 ||  1443
       Apportation       |       |       |       |       |       |       |       |     1 |   362 ||   363
       Portal Projectile |       |       |       |       |       |       |       |       |    35 ||    35
       Summon Butterflie |       |       |       |       |       |       |       |       |    47 ||    47
       Airstrike         |       |       |       |       |       |       |       |       |    66 ||    66
       Shatter           |       |       |       |       |       |       |       |       |    64 ||    64
       Mass Abjuration   |       |       |       |       |       |       |       |       |    47 ||    47
       Sublimation of Bl |       |       |       |       |       |       |       |       |    31 ||    31
       Tornado           |       |       |       |       |       |       |       |       |     2 ||     2
Invok: Slouch            |       |       |       |     5 |    14 |    14 |    25 |    14 |    49 ||   121
       Temporal Distorti |       |       |       |       |       |       |     3 |       |     7 ||    10
       Bend Time         |       |       |       |       |       |       |       |       |     1 ||     1
 Abil: Spit Poison       |    14 |    16 |    51 |   114 |    68 |    72 |    59 |    30 |    49 ||   473
       Evoke Flight      |       |       |       |       |     1 |       |     4 |     1 |     4 ||    10
       Stop Flying       |       |       |       |       |       |     1 |       |       |       ||     1
       Evoke Teleportati |       |       |       |       |       |       |       |       |     3 ||     3
       End Transformatio |       |       |       |       |       |       |       |       |     2 ||     2
Evoke: Wand              |       |     1 |     7 |    17 |    15 |     6 |    10 |     2 |    50 ||   108
       Miscellaneous     |       |       |       |       |       |       |       |       |  1446 ||  1446
       Rod               |       |       |       |       |       |       |       |       |   232 ||   232
       Deck              |       |       |       |       |       |       |       |       |     2 ||     2
  Use: Potion            |     1 |       |     1 |     3 |     5 |     4 |     2 |     7 |    65 ||    88
       Scroll            |       |     1 |    19 |    12 |    14 |    23 |    16 |    10 |   150 ||   245
 Stab: Sleeping          |       |     4 |    17 |    91 |   130 |   107 |    83 |   106 |   264 ||   802
       Confused          |       |       |     8 |    21 |    10 |    10 |     1 |     5 |     2 ||    57
       Distracted        |       |       |       |     2 |     3 |     7 |     4 |     1 |    75 ||    92
       Invisible         |       |       |       |     5 |    23 |    13 |    42 |    15 |    75 ||   173
       Paralysed         |       |       |       |       |     1 |       |       |       |       ||     1
       Held in net/web   |       |       |       |       |       |     1 |       |       |       ||     1
       Fleeing           |       |       |       |       |       |       |       |       |     3 ||     3
       Petrifying        |       |       |       |       |       |       |       |       |     1 ||     1
